Workbook
Name Datum: '[1] '!$Z$4
Name Datum: ' '!$Z$4
Name Ersatzprodukte: Branchenstruktur!$C$43
Name graph_2_stakeholder: Stakeholder!$A$76
Name graph_chances: Chances!$A$116
Name graph_forces: Forces!$A$96
Name Graph_Kompetenzen: Kernkompetenzen!$A$52
Name Graph_Kunden: Markt!$A$53
Name Graph_Kunden: SGE!$A$15
Name Graph_Kunden: Kunden!$A$64
Name graph_pestel: PESTLE!$A$124
Name Graph_Produkte: Checklist!#REF!
Name Graph_Produkte: Produkte!$A$59
Name Graph_Risk: Risikomgmt!$A$56
Name graph_stakeholder: Stakeholder!$A$50
Name help: #REF!
Name help_0: #REF!
Name help_1: #REF!
Name help_10: #REF!
Name help_11: #REF!
Name help_12: #REF!
Name help_13: #REF!
Name help_14: #REF!
Name help_15: #REF!
Name help_16: #REF!
Name help_17: #REF!
Name help_18: #REF!
Name help_19: #REF!
Name help_2: #REF!
Name help_20: #REF!
Name help_21: #REF!
Name help_22: #REF!
Name help_23: #REF!
Name help_24: #REF!
Name help_25: #REF!
Name help_3: #REF!
Name help_4: #REF!
Name help_5: #REF!
Name help_6: #REF!
Name help_7: #REF!
Name help_8: #REF!
Name help_9: #REF!
Name Kunden: Branchenstruktur!$C$73
Name Lieferanten: Branchenstruktur!$C$58
Name McKinsey: Portfolio!$D$60
Name Mitbewerber: Branchenstruktur!$C$24
Name oekologisch: Entwicklungstrends!$C$93
Name oekonomisch: Entwicklungstrends!$C$33
Name politisch: Entwicklungstrends!$C$14
Name rechtlich: Entwicklungstrends!$C$78
Name Rivalitaet: Branchenstruktur!$C$88
Name soziologisch: Entwicklungstrends!$C$48
Name Sprachen: ' '!$C$3:$G$3
Name technologisch: Entwicklungstrends!$C$63
Name top: PESTLE!$A$2
Name top_2: Branchenstruktur!$A$2
Name top_chances: Chances!$A$8
Name top_distribution: Distribution!$A$2
Name top_entwicklungstrends: Entwicklungstrends!$A$2
Name top_forces: Forces!$A$8

Sheet  
A1: =OFFSET($C1,0,$Z$5-1) -> Français | C1: Deutsch | D1: Français | E1: English | F1: Italiano
A2: Aktuelle Sprache | C2: Sprache 1 | D2: Sprache 2 | E2: Sprache 3 | F2: Sprache 4 | G2: Sprache 5
A3: Aktuell angezeigte Sprache | C3: Deutsch | D3: Français | E3: English | F3: Italiano | G3: 5_???
B4: 2 | Z4: 55153
A5: =OFFSET($C5,0,$Z$5-1) -> B U S I N E S S P L A N | C5: B U S I N E S S P L A N | D5: B U S I N E S S P L A N | E5: B U S I N E S S P L A N | G5: contact info@2imanagement.ch | Z5: =IF(AND('Menu Toolbox'!C35="© iManagement • s.imboden • www.2iManagement.ch", Stakeholder!B25="© iManagement • s.imboden • www.2iManagement.ch", TODAY()<=$Z$4), $B$4,5) -> 2
A6: =OFFSET($C6,0,$Z$5-1) -> Executive Summary | C6: Executive Summary | D6: Executive Summary | E6: Executive Summary | F6: Executive Summary | G6: contact info@2imanagement.ch | Z6: Deutsch
A7: =OFFSET($C7,0,$Z$5-1) -> Business Model | C7: Business Model | D7: Business Model | E7: Business Model | F7: Business Model | G7: contact info@2imanagement.ch | Z7: Français
A8: =OFFSET($C8,0,$Z$5-1) -> Personnel & Organisation | C8: Personal & Organisation | D8: Personnel & Organisation | E8: Personnel & Organisation | G8: contact info@2imanagement.ch | Z8: English
A9: =OFFSET($C9,0,$Z$5-1) -> Produits | C9: Produkte | D9: Produits | E9: Products | F9: Prodotti | G9: contact info@2imanagement.ch | Z9: Italiano
A10: =OFFSET($C10,0,$Z$5-1) -> Marché & Concur- rence | C10: Markt & Wettbewerb | D10: Marché & Concur- rence | E10: Market & Competition | G10: contact info@2imanagement.ch
A11: =OFFSET($C11,0,$Z$5-1) -> Marketing & Distribution | C11: Marketing & Vertrieb | D11: Marketing & Distribution | E11: Marketing & Distribution | F11: Marketing & Distribuzione | G11: contact info@2imanagement.ch
A12: =OFFSET($C12,0,$Z$5-1) -> Analyse SWOT | C12: SWOT Analyse | D12: Analyse SWOT | E12: SWOT Analysis | G12: contact info@2imanagement.ch
A13: =OFFSET($C13,0,$Z$5-1) -> Entreprise | C13: Unter- nehmen | D13: Entreprise | E13: Company | F13: Azienda | G13: contact info@2imanagement.ch
A14: =OFFSET($C14,0,$Z$5-1) -> Plan financier | C14: Finanzplan | D14: Plan financier | E14: Financial plan | F14: Finanze | G14: contact info@2imanagement.ch
A15: =OFFSET($C15,0,$Z$5-1) -> Echéancier | C15: Zeitplan | D15: Echéancier | E15: Timing | F15: Echéancier | G15: contact info@2imanagement.ch
A16: =OFFSET($C16,0,$Z$5-1) -> Analyse des parties prenantes | C16: Stakeholderanalyse | D16: Analyse des parties prenantes | E16: Analyse des parties prenantes | F16: Analyse des parties prenantes | G16: contact info@2imanagement.ch
A17: =OFFSET($C17,0,$Z$5-1) -> Analyse PESTEL | C17: PESTEL Analyse | D17: Analyse PESTEL | E17: PESTEL Analysis | F17: Analyse PESTEL | G17: contact info@2imanagement.ch
A18: =OFFSET($C18,0,$Z$5-1) -> Scénarios d'avenir | C18: Zukunftsszenarien | D18: Scénarios d'avenir | E18: Scénarios d'avenir | F18: Scénarios d'avenir | G18: contact info@2imanagement.ch
A19: =OFFSET($C19,0,$Z$5-1) -> Tendances de développement | C19: Entwicklungstrends | D19: Tendances de développement | E19: Developping trends | F19: Tendances de développement | G19: contact info@2imanagement.ch
A20: =OFFSET($C20,0,$Z$5-1) -> Tendances | C20: Trends | D20: Tendances | E20: Trends | F20: Tendances
A21: =OFFSET($C21,0,$Z$5-1) -> 5 forces de Porter | C21: Fünf-Kräfte-Modell | D21: 5 forces de Porter | E21: Porter's 5 forces | F21: 5 forces de Porter | G21: contact info@2imanagement.ch
A22: =OFFSET($C22,0,$Z$5-1) -> Risques | C22: Risiken | D22: Risques | E22: Risks | F22: Rischi | G22: contact info@2imanagement.ch
A23: =OFFSET($C23,0,$Z$5-1) -> Analyse de portefeuille | C23: Portfolioanalyse | D23: Analyse de portefeuille | E23: Analyse de portefeuille | F23: Analyse de portefeuille | G23: contact info@2imanagement.ch
A24: =OFFSET($C24,0,$Z$5-1) -> Activités principales | C24: Kernaktivitäten | D24: Activités principales | E24: Activités principales | F24: Activités principales | G24: contact info@2imanagement.ch
A25: =OFFSET($C25,0,$Z$5-1) -> Ressources & Compétences | C25: Ressourcen & Kompenzen | D25: Ressources & Compétences | E25: Ressources & Compétences | F25: Ressources & Compétences | G25: contact info@2imanagement.ch
A26: =OFFSET($C26,0,$Z$5-1) -> Processus principaux | C26: Kernprozesse | D26: Processus principaux | E26: Processus principaux | F26: Processus principaux | G26: contact info@2imanagement.ch
A27: =OFFSET($C27,0,$Z$5-1) -> Produits & Prestations de services | C27: Produkte & Dienstleistungen | D27: Produits & Prestations de services | E27: Produits & Prestations de services | F27: Produits & Prestations de services | G27: contact info@2imanagement.ch
A28: =OFFSET($C28,0,$Z$5-1) -> Chiffres clé | C28: Kennzahlen | D28: Chiffres clé | E28: Key Figures | F28: Chiffres clé | G28: contact info@2imanagement.ch
A29: =OFFSET($C29,0,$Z$5-1) -> Potentiel | C29: Potenzial | D29: Potentiel | E29: Potential | F29: Potenziale | G29: contact info@2imanagement.ch
A30: =OFFSET($C30,0,$Z$5-1) -> Clients | C30: Kunden | D30: Clients | E30: Customers | F30: Clienti | G30: contact info@2imanagement.ch
A31: =OFFSET($C31,0,$Z$5-1) -> Marché | C31: Markt | D31: Marché | E31: Market | F31: Marché | G31: contact info@2imanagement.ch
A32: =OFFSET($C32,0,$Z$5-1) -> Benchmarking | C32: Benchmarking | D32: Benchmarking | E32: Benchmarking | F32: Benchmarking | G32: contact info@2imanagement.ch
... A48: =OFFSET($C48,0,$Z$5-1) -> Business Model | C48: Business Model | D48: Business Model | E48: Business Model | F48: Business Model | G48: contact info@2imanagement.ch
A49: =OFFSET($C49,0,$Z$5-1) -> DAS | C49: SGE | D49: DAS | E49: DAS | F49: DAS
A50: =OFFSET($C50,0,$Z$5-1) -> Votre logo: | C50: Ihr Logo: | D50: Votre logo: | E50: Your logo: | F50: Vostro logo:
A51: =OFFSET($C51,0,$Z$5-1) -> A N A L Y S E D E S P A R T I E S P R E N A N T E S | C51: S T A K E H O L D E R - A N A L Y S E | D51: A N A L Y S E D E S P A R T I E S P R E N A N T E S | E51: S T A K E H O L D E R A N A L Y S I S | F51: A N A L I S I D E G L I S T A K E H O L D E R | G51: contact info@2imanagement.ch
A52: =OFFSET($C52,0,$Z$5-1) -> Contexte large | C52: weites Umfeld | D52: Contexte large | E52: Wider environment | F52: Contesto ampio | G52: contact info@2imanagement.ch
A53: =OFFSET($C53,0,$Z$5-1) -> Contexte restreint | C53: nahes Umfeld | D53: Contexte restreint | E53: Immediate environment | F53: Contesto ristretto | G53: contact info@2imanagement.ch
A54: =OFFSET($C54,0,$Z$5-1) -> interne | C54: intern | D54: interne | E54: Internal | F54: interno | G54: contact info@2imanagement.ch
A55: =OFFSET($C55,0,$Z$5-1) -> Nous | C55: Wir | D55: Nous | E55: Us | F55: Noi | G55: contact info@2imanagement.ch
A56: =OFFSET($C56,0,$Z$5-1) -> contacts fréquents | C56: häufiger Kontakt | D56: contacts fréquents | E56: Frequent contacts | F56: Contatti frequenti | G56: contact info@2imanagement.ch
A57: =OFFSET($C57,0,$Z$5-1) -> contacts réguliers | C57: regelmässiger Kontakt | D57: contacts réguliers | E57: Regular contacts | F57: Contatti regolari | G57: contact info@2imanagement.ch
A58: =OFFSET($C58,0,$Z$5-1) -> contacts rares | C58: seltener Kontakt | D58: contacts rares | E58: Rare contacts | F58: Contatti rari | G58: contact info@2imanagement.ch
A59: =OFFSET($C59,0,$Z$5-1) -> grande | C59: hoch | D59: grande | E59: High | F59: alto | G59: contact info@2imanagement.ch
A60: =OFFSET($C60,0,$Z$5-1) -> grand | C60: gross | D60: grand | E60: Big | F60: grande | G60: contact info@2imanagement.ch
A61: =OFFSET($C61,0,$Z$5-1) -> Influence des parties prenantes | C61: Einfluss der Stakeholder | D61: Influence des parties prenantes | E61: Stakeholder influence | F61: Influsso degli stakeholder | G61: contact info@2imanagement.ch
A62: =OFFSET($C62,0,$Z$5-1) -> petite | C62: gering | D62: petite | E62: Low | F62: basso | G62: contact info@2imanagement.ch
... A126: =OFFSET($C126,0,$Z$5-1) -> Position concurrentielle | C126: Wettbewerbs-position | D126: Position concurrentielle | E126: Competitive position | F126: Posizione competitiva | G126: contact info@2imanagement.ch
A127: =OFFSET($C127,0,$Z$5-1) -> Position concurrentielle | C127: Wettbewerbsposition | D127: Position concurrentielle | E127: Competitive position | F127: Posizione competitiva
A128: =OFFSET($C128,0,$Z$5-1) -> Défendre la position | C128: Position verteidigen | D128: Défendre la position | E128: Defend position | F128: Difendere la posizione | G128: contact info@2imanagement.ch
A129: =OFFSET($C129,0,$Z$5-1) -> Expansion sélective | C129: Selektiver Ausbau | D129: Expansion sélective | E129: Selective expansion | F129: Crescita selettiva | G129: contact info@2imanagement.ch
A130: =OFFSET($C130,0,$Z$5-1) -> Expansion avec investissement | C130: Ausbau mit Investitionen | D130: Expansion avec investissement | E130: Expansion with investments | F130: Crescita con investimenti | G130: contact info@2imanagement.ch
A131: =OFFSET($C131,0,$Z$5-1) -> Expansion modeste ou récolter | C131: Expandiere begrenzt oder ernte | D131: Expansion modeste ou récolter | E131: Limited expansion or harvest | F131: Espansione modesta o mietitura | G131: contact info@2imanagement.ch
A132: =OFFSET($C132,0,$Z$5-1) -> Orientation bénéfice | C132: Gewinnorientierung | D132: Orientation bénéfice | E132: Profit orientation | F132: Orientamento al profitto | G132: contact info@2imanagement.ch
A133: =OFFSET($C133,0,$Z$5-1) -> Désinvestissement | C133: Desinvestition | D133: Désinvestissement | E133: Disinvestment | F133: Disinvestimento | G133: contact info@2imanagement.ch
A134: =OFFSET($C134,0,$Z$5-1) -> Sélection/ orientation bénéfice | C134: Selektion/ Gewinnorientierung | D134: Sélection/ orientation bénéfice | E134: Selection / Profit orientation | F134: Selezione / Orientamento al profitto | G134: contact info@2imanagement.ch
A135: =OFFSET($C135,0,$Z$5-1) -> Défendre et changer le focus | C135: Verteidigen und Schwerpunkt verlagern | D135: Défendre et changer le focus | E135: Defend and change focus | F135: Difendere e rifocalizzare | G135: contact info@2imanagement.ch
A136: =OFFSET($C136,0,$Z$5-1) -> Expansion | C136: Expandieren | D136: Expansion | E136: Expansion | F136: Espandere | G136: contact info@2imanagement.ch
A137: =OFFSET($C137,0,$Z$5-1) -> Sélectionner | C137: Auswählen | D137: Sélectionner | E137: Select | F137: Selezionare | G137: contact info@2imanagement.ch
A138: =OFFSET($C138,0,$Z$5-1) -> Écrémage | C138: Abschöpfen | D138: Écrémage | E138: Skim off | F138: Scremare | G138: contact info@2imanagement.ch
A139: =OFFSET($C139,0,$Z$5-1) -> C H A Î N E D E V A L E U R D E P O R T E R | C139: W E R T E K E T T E P O R T E R | D139: C H A Î N E D E V A L E U R D E P O R T E R | E139: V A L U E C H A I N P O R T E R | F139: C A T E N A D E L V A L O R E D I P O R T E R | G139: contact info@2imanagement.ch
... A317: =OFFSET($C317,0,$Z$5-1) -> Notre mission (Quelle est notre mandat ?) | C317: Unsere Mission (Was ist unser Auftrag?) | D317: Notre mission (Quelle est notre mandat ?) | E317: Our mission | F317: La nostra missione | G317: contact info@2imanagement.ch
A318: =OFFSET($C318,0,$Z$5-1) -> Nos valeurs | C318: Unsere Werte | D318: Nos valeurs | E318: Opportunities / Threats | F318: Opportunità / Pericoli
A319: =OFFSET($C319,0,$Z$5-1) -> Opportunités / dangers | C319: Chancen / Gefahren | D319: Opportunités / dangers | E319: Opportunities | F319: Opportunità | G319: contact info@2imanagement.ch
A320: =OFFSET($C320,0,$Z$5-1) -> Opportunités | C320: Chancen | D320: Opportunités | E320: Threats | F320: Pericoli | G320: contact info@2imanagement.ch
A321: =OFFSET($C321,0,$Z$5-1) -> Dangers | C321: Gefahren | D321: Dangers | E321: Mission | F321: Missione | G321: contact info@2imanagement.ch
A322: =OFFSET($C322,0,$Z$5-1) -> Mission | C322: Mission | D322: Mission | E322: Our Values | F322: I nostri valori | G322: contact info@2imanagement.ch
A323: =OFFSET($C323,0,$Z$5-1) -> Mesures possibles | C323: Mögliche Massnahmen | D323: Mesures possibles | E323: Possible measures | F323: Misure possibili | G323: contact info@2imanagement.ch
A324: =OFFSET($C324,0,$Z$5-1) -> Risques | C324: Risiken | D324: Risques | E324: Risks | F324: Rischi | G324: contact info@2imanagement.ch
A325: =OFFSET($C325,0,$Z$5-1) -> T H E B U S I N E S S M O D E L C A N V A S | C325: T H E B U S I N E S S M O D E L C A N V A S | D325: T H E B U S I N E S S M O D E L C A N V A S | E325: T H E B U S I N E S S M O D E L C A N V A S | F325: T H E B U S I N E S S M O D E L C A N V A S | G325: contact info@2imanagement.ch
A326: =OFFSET($C326,0,$Z$5-1) -> Conçu pour: | C326: Entwickelt für: | D326: Conçu pour: | E326: Developed for: | F326: Creato per: | G326: contact info@2imanagement.ch
A327: =OFFSET($C327,0,$Z$5-1) -> Conçu par: | C327: Entwickelt von: | D327: Conçu par: | E327: Developed by: | F327: Creato da: | G327: contact info@2imanagement.ch
A328: =OFFSET($C328,0,$Z$5-1) -> Mis à jour le : | C328: Aktualisiert am: | D328: Mis à jour le : | E328: Updated on: | F328: Aggiornato in data: | G328: contact info@2imanagement.ch
A329: =OFFSET($C329,0,$Z$5-1) -> Qu’offrez vous aux clients ? | C329: Was bieten Sie den Kunden an? | D329: Qu’offrez vous aux clients ? | E329: What do you offer customers? | F329: Che cosa offrite ai clienti? | G329: contact info@2imanagement.ch
A330: =OFFSET($C330,0,$Z$5-1) -> Quels sont les produits qu’ils désirent véritablement ? | C330: Welche Produkte wünschen sie wirklich? | D330: Quels sont les produits qu’ils désirent véritablement ? | E330: Which products do you really request? | F330: Quali prodotti desiderano veramente? | G330: contact info@2imanagement.ch
... A493: =OFFSET($C493,0,$Z$5-1) -> La qualité de nos activités est menacée | C493: Die Qualität unserer Aktivitäten ist in Gefahr | D493: La qualité de nos activités est menacée | E493: The quality of our activities are threatened | F493: La qualità delle nostre attività è a rischio | G493: contact info@2imanagement.ch
A494: =OFFSET($C494,0,$Z$5-1) -> 0 | G494: contact info@2imanagement.ch
A495: =OFFSET($C495,0,$Z$5-1) -> Des opportunités d'externationalisation existent | C495: Es bestehen Möglichkeiten zur Externalisierung | D495: Des opportunités d'externationalisation existent | E495: There are outsourcing opportunities | F495: Esistono opportunità di esternalizzazione | G495: contact info@2imanagement.ch
A496: =OFFSET($C496,0,$Z$5-1) -> Une collaboration plus étroite avec nos partenaires nous aiderait à nous concentrer sur notre cœur d'activité | C496: Eine verstärkte Zusammenarbeit mit unseren Partnern würde helfen, uns auf unser Kerngeschäft zu konzentrieren | D496: Une collaboration plus étroite avec nos partenaires nous aiderait à nous concentrer sur notre cœur d'activité | E496: Greater collaboration with partners could help us focus on our core business | F496: Una maggiore collaborazione con i nostri partner ci aiuterebbe a concentrarci sulle nostre attività primarie | G496: contact info@2imanagement.ch
A497: =OFFSET($C497,0,$Z$5-1) -> Il existe des opportunités de ventes-croisées/associées avec nos partenaires | C497: Es bestehen Möglichkeiten Gegengeschäfte mit unseren Partnern zu tätigen | D497: Il existe des opportunités de ventes-croisées/associées avec nos partenaires | E497: There are cross-selling opportunities with partners | F497: Ci sono opportunità di vendite incrociate/associate con i nostri partner | G497: contact info@2imanagement.ch
A498: =OFFSET($C498,0,$Z$5-1) -> Les canaux de distribution de partenaires pourraient nous aider à toucher davantage de clients | C498: Die Vertriebskanäle unserer Partner könnten uns helfen, zusätzliche Kunden zu erreichen | D498: Les canaux de distribution de partenaires pourraient nous aider à toucher davantage de clients | E498: Partner Channels help us reach better our customer | F498: I canali di distribuzione dei nostri partner potrebbero aiutarci a raggiungere un maggior numero di clienti | G498: contact info@2imanagement.ch
A499: =OFFSET($C499,0,$Z$5-1) -> Nos partenaires pourraient compléter notre proposition de valeur | C499: Unsere Partner könnten unser Nutzenversprechen (value proposition) vervollständigen | D499: Nos partenaires pourraient compléter notre proposition de valeur | E499: Partner could complement our Value Proposition | F499: I nostri partner potrebbero completare la nostra proposta di valore | G499: contact info@2imanagement.ch
A500: =OFFSET($C500,0,$Z$5-1) -> Nous risquons de perdre des partenaires | C500: Wir riskieren, Partner zu verlieren | D500: Nous risquons de perdre des partenaires | E500: We are in danger of losing any partners | F500: Rischiamo di perdere i nostri partner | G500: contact info@2imanagement.ch
A501: =OFFSET($C501,0,$Z$5-1) -> Nos partenaires pourraient collaborer avec des concurrents | C501: Unser Partner könnten mit den Konkurrenten zusammenarbeiten | D501: Nos partenaires pourraient collaborer avec des concurrents | E501: Our partners might collaborate with competitors | F501: I nostri partner potrebbero collaborare con la concorrenza | G501: contact info@2imanagement.ch
A502: =OFFSET($C502,0,$Z$5-1) -> Nous sommes trop dépendants de certains partenaires | C502: Wir sind von einigen Partnern zu stark abhängig | D502: Nous sommes trop dépendants de certains partenaires | E502: We dependent to much on certain partners | F502: Siamo troppo dipendenti da determinati partner | G502: contact info@2imanagement.ch
A503: =OFFSET($C503,0,$Z$5-1) -> Liens | C503: Links | D503: Liens | E503: Links | F503: Links | G503: contact info@2imanagement.ch
A504: =OFFSET($C504,0,$Z$5-1) -> Voulez-vous ouvrir le programme "Finances"? | C504: Möchten Sie das Programm "Finanzen" öffnen? | D504: Voulez-vous ouvrir le programme "Finances"? | E504: Would you like to open the program "Finance"? | F504: Volete aprire il programma "Finanze"?
A505: =OFFSET($C505,0,$Z$5-1) -> Assurez-vous, que le fichier "05_Finance.exe" se touve dans le même répertoire! | C505: Stellen Sie sicher, dass die Datei "05_Finance.exe" im selben Verzeichnis abgelegt ist! | D505: Assurez-vous, que le fichier "05_Finance.exe" se touve dans le même répertoire! | E505: Please make sure that the file "Finance.xlsm" is in the same folder! | F505: Assicurarsi che il file "Finanze.xlsm" si trova nel stesso direttorio!
A506: =OFFSET($C506,0,$Z$5-1) -> M A R C H É | C506: M A R K T | D506: M A R C H É | E506: M A R K E T S E G M E N T A T I O N | F506: SEGMENTAZIONE DEL MERCATO | G506: contact info@2imanagement.ch
A507: =OFFSET($C507,0,$Z$5-1) -> Marché | C507: Markt | D507: Marché | E507: Market | F507: Mercato | G507: contact info@2imanagement.ch
A508: =OFFSET($C508,0,$Z$5-1) -> Potentiel | C508: Potenzial | D508: Potentiel | E508: Potential | F508: Potenziale | G508: contact info@2imanagement.ch
A509: =OFFSET($C509,0,$Z$5-1) -> Croissance attendue | C509: Erwarteter Wachstum | D509: Croissance attendue | E509: Expected growth | F509: Crescita attesa | G509: contact info@2imanagement.ch
A510: =OFFSET($C510,0,$Z$5-1) -> Volume marché | C510: Markt-volumen | D510: Volume marché | E510: Market volume | F510: Volume del mercato | G510: contact info@2imanagement.ch
A511: =OFFSET($C511,0,$Z$5-1) -> Caractéristiques | C511: Merkmale | D511: Caractéristiques | E511: Characteristics | F511: Caratteristiche | G511: contact info@2imanagement.ch
A512: =OFFSET($C512,0,$Z$5-1) -> Intensité de la demande | C512: Nachfrage-intensität | D512: Intensité de la demande | E512: Intensity of demand | F512: Intensità della domanda | G512: contact info@2imanagement.ch
A513: =OFFSET($C513,0,$Z$5-1) -> Marché de masse | C513: Massenmarkt | D513: Marché de masse | E513: Mass market | F513: Mercato di massa | G513: contact info@2imanagement.ch
A514: =OFFSET($C514,0,$Z$5-1) -> Rétrécissement du marché | C514: Schrumpfmarkt | D514: Rétrécissement du marché | E514: Declining market | F514: Mercato in contrazione | G514: contact info@2imanagement.ch
A515: =OFFSET($C515,0,$Z$5-1) -> Marché d'avenir | C515: Zukunftsmarkt | D515: Marché d'avenir | E515: Market of the future | F515: Mercato del futuro | G515: contact info@2imanagement.ch
A516: =OFFSET($C516,0,$Z$5-1) -> Marché de niche | C516: Nischenmarkt | D516: Marché de niche | E516: Niche market | F516: Mercato di nicchia | G516: contact info@2imanagement.ch
A517: =OFFSET($C517,0,$Z$5-1) -> en Sfr. | C517: in SFr. | D517: en Sfr. | E517: In SFr. | F517: in Frs. | G517: contact info@2imanagement.ch
...

Sheet Menu Toolbox
C1: =' '!A5 -> B U S I N E S S P L A N
C35: © iManagement • s.imboden • www.2iManagement.ch | K35: V1.2.3

Sheet Checklist
B1: =' '!A576 -> C H E C K L I S T E B U S I N E S S P L A N
B4: =' '!A652 -> L’objectif du business plan consiste à : | D4: 1
C5: =' '!A653 -> représenter les principaux résultats d’analyse et les orientations stratégiques les plus importantes sous une forme succincte,
C6: =' '!A654 -> prouver la cohérence entre les analyses, les stratégies, les plans, l’infrastructure et les conséquences financières,
C7: =' '!A655 -> procurer aux partenaires (banques, actionnaires, partenaires commerciaux, fournisseurs, etc.) l’assurance nécessaire à la collaboration.
B9: 1. | C9: =' '!A578 -> Management Summary (max. 1 page) | D9: 3
C10: =' '!A579 -> Situation de départ et idée de base (objectif de l’entreprise) | D10: 3
C11: =' '!A580 -> Objectifs | D11: 3
C12: =' '!A581 -> Besoins financiers et utilisation | D12: 3
B13: 2. | C13: =' '!A582 -> Business Model | D13: 3
C14: =' '!A583 -> Idée commerciale | D14: 3
C15: =' '!A584 -> Ressources-clés | D15: 3
C16: =' '!A585 -> Activités-clés | D16: 3
C17: =' '!A586 -> Partenaires-clés | D17: 3
C18: =' '!A587 -> Structure des coûts | D18: 3
C19: =' '!A588 -> Relations aux clients | D19: 3
C20: =' '!A589 -> Moyens de communication et canaux de distribution | D20: 3
C21: =' '!A590 -> Segments de clientèle | D21: 3
C22: =' '!A591 -> Sources de revenu | D22: 3
B23: 3. | C23: =' '!A592 -> Entreprise | D23: 3
C24: =' '!A593 -> Contexte historique | D24: 3
C25: =' '!A594 -> Vision et stratégies | D25: 3
C26: =' '!A595 -> Organisation et infrastructure (emplacement, marché géographique, organigramme, processus, infrastructure informatique et de bureau) | D26: 3
C27: =' '!A596 -> Forme juridique (y. c. structure de participation) | D27: 3
C28: =' '!A597 -> Informations par rapport au management (personnes, formation, parcours professionnel, références) | D28: 3
C29: =' '!A598 -> Analyse du savoir-faire et de l’infrastructure existants, emplacement actuel | D29: 3
C30: =' '!A599 -> Planification et gestion du personnel | D30: 3
B31: 4. | C31: =' '!A600 -> Produits et services | D31: 3
C32: =' '!A601 -> Offre de produits et de services (assortiment, qualité, spécifications techniques, brevets) | D32: 3
C33: =' '!A602 -> Forces et faiblesses des produits et des services | D33: 3
C34: =' '!A603 -> Chiffre d’affaires et objectifs de croissance | D34: 3
C35: =' '!A604 -> Objectifs de positionnement et relatifs à l’image | D35: 3
C36: =' '!A605 -> Innovation et développement | D36: 3
C37: =' '!A606 -> Assurance qualité | D37: 3
B38: 5. | C38: =' '!A607 -> Marché et concurrence | D38: 3
C39: =' '!A608 -> Structure et évolution du marché | D39: 3
C40: =' '!A609 -> Potentiel et volume du marché | D40: 3
C41: =' '!A610 -> Analyse de la concurrence | D41: 3
C42: =' '!A611 -> Analyse des facteurs environnementaux pertinents | D42: 3
C43: =' '!A612 -> Tendances d’évolution | D43: 3
B44: 6. | C44: =' '!A613 -> Marketing & distribution | D44: 3
C45: =' '!A614 -> Analyse des clients importants et/ou potentiels (besoins des clients) | D45: 3
C46: =' '!A615 -> Distribution | D46: 3
C47: =' '!A616 -> Positionnement des produits | D47: 3
C48: =' '!A617 -> Définition des prix | D48: 3
C49: =' '!A618 -> Cycle de vie des produits | D49: 3
C50: =' '!A619 -> Benchmarking | D50: 3
C51: =' '!A620 -> Communication, publicité, promotion des ventes, relations publiques | D51: 3
C52: =' '!A621 -> Marketing mix | D52: 3
B53: 7. | C53: =' '!A622 -> Analyse SWOT | D53: 3
C54: =' '!A623 -> Forces – faiblesses | D54: 3
C55: =' '!A624 -> Opportunités – menaces | D55: 3
B56: 8. | C56: =' '!A625 -> Risques | D56: 3
C57: =' '!A626 -> Analyse des risques | D57: 3
C58: =' '!A627 -> Contre-mesures | D58: 3
B59: 9. | C59: =' '!A628 -> Plan financier | D59: 3
C60: =' '!A629 -> Plan de viabilité | D60: 3
C61: =' '!A630 -> Plan de trésorerie | D61: 3
C62: =' '!A631 -> Plan de financement d'investissement (y. c. sécurités) | D62: 3
C63: =' '!A632 -> Plan de financement | D63: 3
C64: =' '!A633 -> Controlling | D64: 3
B65: 10. | C65: =' '!A634 -> Échéancier et conclusions | D65: 3
C66: =' '!A635 -> Échéancier | D66: 3
C67: =' '!A636 -> Perspectives de succès / considération des risques | D67: 3
C68: =' '!A637 -> Demandes soumises aux partenaires financiers | D68: 3
C69: =' '!A638 -> Éventuelles demandes soumises à d’autres partenaires | D69: 3
B70: 11. | C70: =' '!A639 -> Annexes au business plan | D70: 3
C71: =' '!A640 -> (Comptes des trois dernières années) | D71: 3
C72: =' '!A641 -> Comptes prévisionnels détaillés (modèles coûts/revenus, plan d’investissement, bilans et comptes de pertes et profits prévisionnels, planification des liquidités, plan de financement d'investissement) | D72: 3
C73: =' '!A642 -> Carnet de commandes (liste des débiteurs et des créditeurs) | D73: 3
C74: =' '!A643 -> Analyses détaillées et concepts | D74: 3
C75: =' '!A644 -> Planification de la mise en œuvre (mesures, responsabilités, échéances, budgets) | D75: 3
C76: =' '!A645 -> Portrait d’entreprise / prospectus (éventuellement des projets) | D76: 3
C77: =' '!A646 -> Revue de presse | D77: 3
C78: =' '!A647 -> Extraits du casier judiciaire / registre des poursuites / registre du commerce | D78: 3
C79: =' '!A648 -> CV (Curriculum Vitae) des personnes concernées | D79: 3
C80: =' '!A649 -> Plans (produits, locaux, production, emplacements, etc.) | D80: 3
C81: =' '!A650 -> Contrats importants (coopérations, participations, etc.) | D81: 3
C82: =' '!A651 -> Documents de financement (relevés de dépôt, estimations, garanties, contrats de prêt, etc.) | D82: 3
B83: © iManagement • s.imboden • www.2iManagement.ch

Sheet Canvas
B1: =' '!A325 -> T H E B U S I N E S S M O D E L C A N V A S
C3: =' '!A326 -> Conçu pour: | E3: =' '!A327 -> Conçu par: | G3: =' '!A328 -> Mis à jour le : | H3: =TODAY() -> 46049
C6: Key Partnerships | D6: Key Activities | E6: Value Propositions | G6: Customer Relationship | H6: Customer Segments
D23: Key Resources | G23: Channels
C39: Cost Structure | F39: Revenue Streams
C52: © iManagement • s.imboden • www.2iManagement.ch

Sheet Forces
B1: =' '!A388 -> C A N V A S : F O R C E S & F A I B L E S S E S
E3: =(P10+P15+P24+P29+P33+P41+P46+P50+P55) -> 195 | H3: =' '!A393 -> ne correspond pas du tout | J3: =' '!A392 -> correspond peu | L3: =' '!A391 -> correspond partiellement | N3: =' '!A390 -> correspond plutôt | P3: =' '!A389 -> correspond tout à fait | S3: =' '!A433 -> Impact (1 - 10)
E4: =(N10+N15+N24+N29+N33+N41+N50+N55) -> 80
U6: =CONCATENATE(' '!A437," ",E4," / ",E3) -> Total points : 80 / 195
H7: =(COUNTIF(B118:B164,1)/39) -> 0.051282051 | J7: =(COUNTIF(B118:B164,2)/39) -> 0.20512821 | L7: =(COUNTIF(B118:B164,3)/39) -> 0.23076923 | N7: =(COUNTIF(B118:B164,4)/39) -> 0.15384615 | P7: =(COUNTIF(B118:B164,5)/39) -> 0.076923077
B10: 1 | D10: CUSTOMER RELATIONSHIP | G10: =SUM(B118:B121) -> 13 | N10: =SUM(B118:B121) -> 13 | O10: / | P10: 20
B11: 1.1 | D11: =' '!A394 -> Nos propositions de valeur correspondent aux besoins de nos clients | S11: 9
B12: 1.2 | D12: =' '!A395 -> Nos propositions de valeur ont de forts effets sur le réseau (Networking) | S12: 7
B13: 1.3 | D13: =' '!A396 -> Il existe des synergies fortes entre nos produits et services | S13: 5
B14: 1.4 | D14: =' '!A397 -> Nos clients sont très satisfaits | S14: 3
B15: 2 | D15: REVENUE STREAMS | N15: =SUM(B123:B130) -> 25 | O15: / | P15: 40
B16: 2.1 | D16: =' '!A398 -> Nos marges sont élevées | S16: 5
B17: 2.2 | D17: =' '!A399 -> Nos revenus sont prévisibles | S17: 4
B18: 2.3 | D18: =' '!A400 -> Nous avons des flux de revenus récurrents et des achats répétés fréquents | S18: 8
B19: 2.4 | D19: =' '!A401 -> Nos flux de revenus sont diversifiés | S19: 8
B20: 2.5 | D20: =' '!A402 -> Nos flux de revenus sont durables | S20: 5
B21: 2.6 | D21: =' '!A403 -> Nous encaissons nos revenus avant d'engager nos dépenses | S21: 9
B22: 2.7 | D22: =' '!A404 -> Nous facturons ce pour quoi les clients ont réellement envie de payer | S22: 5
B23: 2.8 | D23: =' '!A405 -> Nos mécanismes de fixation des prix permettent de capter tout ce que le client est prêt à payer | S23: 7
B24: 3 | D24: COST STRUCTURE | N24: =SUM(B132:B135) -> 13 | O24: / | P24: 20
B25: 3.1 | D25: =' '!A406 -> Nos coûts sont prévisibles | S25: 5
B26: 3.2 | D26: =' '!A407 -> Notre structure de coûts est correctement adaptée à notre modèle d'affaires | S26: 5
B27: 3.3 | D27: =' '!A408 -> Nos activités sont rentables | S27: 5
B28: 3.4 | D28: =' '!A409 -> Nous bénéficions d'économies d'échelle | S28: 5
B29: 4 | D29: CUSTOMER SEGMENTS | N29: =SUM(B137:B139) -> 6 | O29: / | P29: 15
B30: 4.1 | D30: =' '!A410 -> Le taux de roulement de la clientèle est faible | S30: 5
B31: 4.2 | D31: =' '!A411 -> La clientèle est bien segmentée | S31: 5
B32: 4.3 | D32: =' '!A412 -> Nous acquérons régulièrement de nouveaux clients | S32: 5
B33: 5 | D33: CHANNELS | N33: =SUM(B141:B147) -> 11 | O33: / | P33: 35
B34: 5.1 | D34: =' '!A413 -> Nos canaux de distribution sont très efficaces | S34: 5
B35: 5.2 | D35: =' '!A414 -> Nos canaux de distribution sont rentables | S35: 5
B36: 5.3 | D36: =' '!A415 -> La pénétration des canaux est bonne | S36: 5
B37: 5.4 | D37: =' '!A416 -> Les clients repèrent facilement nos canaux de distribution | S37: 5
B38: 5.5 | D38: =' '!A417 -> Les canaux sont très intégrés | S38: 5
B39: 5.6 | D39: =' '!A418 -> Les canaux sont sources d'économie d'envergure (economies of scope) | S39: 5
B40: 5.7 | D40: =' '!A419 -> Les canaux de distribution sont bien adaptés aux segments clients | S40: 5
B41: 6 | D41: CUSTOMER RELATIONSHIP | N41: =SUM(B149:B152) -> 6 | O41: / | P41: 20
B42: 6.1 | D42: =' '!A420 -> Les relations avec les clients sont solides | S42: 5
B43: 6.2 | D43: =' '!A421 -> La qualité de la relation correspond bien à la segmentation de la clientèle | S43: 5
B44: 6.3 | D44: =' '!A422 -> Les relations engagent les clients, avec des coûts de changement élevés | S44: 5
B45: 6.4 | D45: =' '!A423 -> Notre marque est forte | S45: 5
B46: 7 | D46: KEY RESSOURCES | N46: =SUM(B154:B156) -> 4 | O46: / | P46: 15
B47: 7.1 | D47: =' '!A424 -> Nos ressources clés sont difficiles à reproduire pour nos concurrents | S47: 5
B48: 7.2 | D48: =' '!A425 -> Les besoins en ressources sont prévisibles | S48: 5
B49: 7.3 | D49: =' '!A426 -> Nous savons déployer les bonnes ressources au bon moment et dans les bonnes quantités | S49: 5
B50: 8 | D50: KEY ACTIVITIES | N50: =SUM(B158:B161) -> 3 | O50: / | P50: 20
B51: 8.1 | D51: =' '!A427 -> Nous exécutons efficacement nos activités clés | S51: 5
B52: 8.2 | D52: =' '!A428 -> Nos activités clés sont difficilement copiables | S52: 5
B53: 8.3 | D53: =' '!A429 -> La qualité d'exécution est élevée | S53: 5
B54: 8.4 | D54: =' '!A430 -> L'équilibre entre les exécutions internes et les activités sous-traitées est idéale | S54: 5
B55: 9 | D55: KEY PARTNERSHIP | N55: =SUM(B163:B164) -> 3 | O55: / | P55: 10
B56: 9.1 | D56: =' '!A431 -> Nous sommes orientés partenaires et nous travaillons avec eux lorsque cela est nécessaire | S56: 5
B57: 9.2 | D57: =' '!A432 -> Nous entretenons de bonnes relations de travail avec nos partenaires clés | S57: 5
B59: © iManagement • s.imboden • www.2iManagement.ch
B62: =D10 -> CUSTOMER RELATIONSHIP | C62: =5/P10*N10 -> 3.25
B63: =D15 -> REVENUE STREAMS | C63: =5/P15*N15 -> 3.125
B64: =D24 -> COST STRUCTURE | C64: =5/P24*N24 -> 3.25
B65: =D29 -> CUSTOMER SEGMENTS | C65: =5/P29*N29 -> 2
B66: =D33 -> CHANNELS | C66: =5/P33*N33 -> 1.5714286
B67: =D41 -> CUSTOMER RELATIONSHIP | C67: =5/40*23 -> 2.875
B68: =D46 -> KEY RESSOURCES | C68: =5/P46*N46 -> 1.3333333
B69: =D50 -> KEY ACTIVITIES | C69: =5/P50*N50 -> 0.75
B70: =D55 -> KEY PARTNERSHIP | C70: =5/P55*N55 -> 1.5
B98: © iManagement • s.imboden • www.2iManagement.ch
A115: =A117/390 -> 0.53846154 | B115: =(B117/195) -> 0.43076923 | C115: Kreisgrösse | D115: =(D117/1950) -> 0.24102564 | I115: Anzahl
H116: 1 | I116: =COUNTIF(B118:B164,1) -> 2
A117: =SUM(A118:A164) -> 210 | B117: =SUM(B118:B164) -> 84 | D117: =SUM(D118:D164) -> 470 | H117: 2 | I117: =COUNTIF(B118:B164,2) -> 8
A118: =S11 -> 9 | B118: 3 | C118: 1 | D118: =B118*S11 -> 27 | H118: 3 | I118: =COUNTIF(B118:B164,3) -> 9
A119: =S12 -> 7 | B119: 4 | C119: 1 | D119: =B119*S12 -> 28 | H119: 4 | I119: =COUNTIF(B118:B164,4) -> 6
A120: =S13 -> 5 | B120: 3 | C120: 1 | D120: =B120*S13 -> 15 | H120: 5 | I120: =COUNTIF(B118:B164,5) -> 3
A121: =S14 -> 3 | B121: 3 | C121: 1 | D121: =B121*S14 -> 9
A123: =S16 -> 5 | B123: 5 | C123: 1 | D123: =B123*S16 -> 25
A124: =S17 -> 4 | B124: 2 | C124: 1 | D124: =B124*S17 -> 8
A125: =S18 -> 8 | B125: 4 | C125: 1 | D125: =B125*S18 -> 32
A126: =S19 -> 8 | B126: 4 | C126: 1 | D126: =B126*S19 -> 32
A127: =S20 -> 5 | B127: 3 | C127: 1 | D127: =B127*S20 -> 15
A128: =S21 -> 9 | B128: 2 | C128: 1 | D128: =B128*S21 -> 18
A129: =S22 -> 5 | B129: 2 | C129: 1 | D129: =B129*S22 -> 10
A130: =S23 -> 7 | B130: 3 | C130: 1 | D130: =B130*S23 -> 21
A132: =S25 -> 5 | B132: 5 | C132: 1 | D132: =B132*S25 -> 25
A133: =S26 -> 5 | B133: 4 | C133: 1 | D133: =B133*S26 -> 20
A134: =S27 -> 5 | B134: 2 | C134: 1 | D134: =B134*S27 -> 10
... A144: =S37 -> 5 | B144: 2 | C144: 1 | D144: =B144*S37 -> 10
A145: =S38 -> 5 | C145: 1 | D145: =B145*S38 -> 0
A146: =S39 -> 5 | C146: 1 | D146: =B146*S39 -> 0
A147: =S40 -> 5 | C147: 1 | D147: =B147*S40 -> 0
A149: =S42 -> 5 | C149: 1 | D149: =B149*S42 -> 0
A150: =S43 -> 5 | B150: 4 | C150: 1 | D150: =B150*S43 -> 20
A151: =S44 -> 5 | B151: 2 | C151: 1 | D151: =B151*S44 -> 10
A152: =S45 -> 5 | C152: 1 | D152: =B152*S45 -> 0
A154: =S47 -> 5 | B154: 4 | C154: 1 | D154: =B154*S47 -> 20
A155: =S48 -> 5 | C155: 1 | D155: =B155*S48 -> 0
A156: =S49 -> 5 | C156: 1 | D156: =B156*S49 -> 0
A158: =S51 -> 5 | B158: 3 | C158: 1 | D158: =B158*S51 -> 15
A159: =S52 -> 5 | C159: 1 | D159: =B159*S52 -> 0
A160: =S53 -> 5 | C160: 1 | D160: =B160*S53 -> 0
A161: =S54 -> 5 | C161: 1 | D161: =B161*S54 -> 0
A163: =S56 -> 5 | C163: 1 | D163: =B163*S56 -> 0
A164: =S57 -> 5 | B164: 3 | C164: 1 | D164: =B164*S57 -> 15

Sheet Chances
B1: =' '!A442 -> C A N V A S : O P P O R T U N I T É S & D A N G E R S
E3: =(N10+N18+N27+N31+N40+N48+N56+N63+N69) -> 184 | H3: =' '!A393 -> ne correspond pas du tout | J3: =' '!A392 -> correspond peu | L3: =' '!A391 -> correspond partiellement | N3: =' '!A390 -> correspond plutôt | P3: =' '!A389 -> correspond tout à fait | S3: =' '!A433 -> Impact (1 - 10)
E4: =(P10+P18+P27+P31+P40+P48+P56+P63+P69) -> 295
U6: =CONCATENATE(' '!A437," ",E3," / ",E4) -> Total points : 184 / 295
H7: =(COUNTIF(B134:B200,1)/59) -> 0.084745763 | J7: =(COUNTIF(B134:B200,2)/59) -> 0.27118644 | L7: =(COUNTIF(B134:B200,3)/59) -> 0.27118644 | N7: =(COUNTIF(B134:B200,4)/59) -> 0.18644068 | P7: =(COUNTIF(B134:B200,5)/59) -> 0.18644068
B10: 1 | D10: CUSTOMER RELATIONSHIP | G10: =SUM(B134:B137) -> 14 | N10: =SUM(B134:B140) -> 24 | O10: / | P10: 35
B11: 1.1 | D11: =' '!A443 -> Nous pouvons générer des revenus récurrents en convertissant des produits en services | S11: 9
B12: 1.2 | D12: =' '!A444 -> Nous pouvons mieux intégrer nos produits ou services | S12: 8
B13: 1.3 | D13: =' '!A445 -> Nous pourrions satisfaire d'autres besoins de nos clients | S13: 7
B14: 1.4 | D14: =' '!A446 -> Il existe des compléments ou des extensions possibles de notre proposition de valeur | S14: 6
B15: 1.5 | D15: =' '!A447 -> Nous pourrions accomplir d'autres tâches pour nos clients | S15: 4
B16: 1.6 | D16: =' '!A448 -> Des produits et des services de substitution sont disponibles | S16: 3
B17: 1.7 | D17: =' '!A449 -> Les concurrents menacent d'offrir de meilleurs prix ou plus de valeur | S17: 3
B18: 2 | D18: REVENUE STREAMS | N18: =SUM(B142:B149) -> 22 | O18: / | P18: 40
B19: 2.1 | D19: =' '!A450 -> Nous pourrions remplacer des revenus de transactions ponctuels par des revenus récurrents | S19: 10
B20: 2.2 | D20: =' '!A451 -> Nos clients seraient disposés à payer pour d'autres produits et services | S20: 9
B21: 2.3 | D21: =' '!A452 -> Nous avons des occasions de ventes croisées/associées soit en interne, soit avec des partenaires | S21: 8
B22: 2.4 | D22: =' '!A453 -> Nous pourrions rajouter ou créer d'autres flux de revenus | S22: 7
B23: 2.5 | D23: =' '!A454 -> Nous pouvons augmenter les prix | S23: 6
B24: 2.6 | D24: =' '!A455 -> Nos marges sont menacées par des concurrents, et/ou des nouvelles technologies | S24: 5
B25: 2.7 | D25: =' '!A456 -> Nous sommes trop dépendants d'un ou de plusieurs flux de revenus | S25: 4
B26: 2.8 | D26: =' '!A457 -> Nous avons des flux de revenus appelés à disparaître | S26: 3
B27: 3 | D27: COST STRUCTURE | N27: =SUM(B151:B153) -> 9 | O27: / | P27: 15
B28: 3.1 | D28: =' '!A458 -> Nous pouvons réduire nos coûts | S28: 10
B29: 3.2 | D29: =' '!A459 -> Certains coûts risquent de devenir imprévisibles | S29: 4
B30: 3.3 | D30: =' '!A460 -> Certains coûts menacent d'augmenter plus rapidement que les revenus correspondants | S30: 10
B31: 4 | D31: CUSTOMER SEGMENTS | N31: =SUM(B155:B162) -> 24 | O31: / | P31: 40
B32: 4.1 | D32: =' '!A461 -> Nous pourrions bénéficier d'un marché en pleine croissance/expansion | S32: 10
B33: 4.2 | D33: =' '!A462 -> Nous pourrions servir de nouveaux segments de clientèle | S33: 9
B34: 4.3 | D34: =' '!A463 -> Nous pourrions mieux servir nos clients grâce à une segmentation plus fine | S34: 8
B35: 4.4 | D35: =' '!A464 -> Notre marché risque d'être bientôt saturé | S35: 7
B36: 4.5 | D36: =' '!A465 -> Nos concurrents menacent nos parts de marché | S36: 6
B37: 4.6 | D37: =' '!A466 -> Il y a une probabilité que nos clients nous quittent | S37: 5
B38: 4.7 | D38: =' '!A467 -> Il y a des chances que nos clients sont en défaut de paiement | S38: 4
B39: 4.8 | D39: =' '!A468 -> La concurrence risque de s'intensifier rapidement sur notre marché | S39: 3
B40: 5 | D40: CHANNELS | N40: =SUM(B164:B170) -> 20 | O40: / | P40: 35
B41: 5.1 | D41: =' '!A469 -> Nous pourrions améliorer l'efficacité, la rentabilité et la performance de nos canaux | S41: 1
B42: 5.2 | D42: =' '!A470 -> Nous pourrions améliorer l'intégration de nos canaux | S42: 2
B43: 5.3 | D43: =' '!A471 -> Nous pourrions trouver de nouveaux canaux partenaires complémentaires | S43: 3
B44: 5.4 | D44: =' '!A472 -> Nous pourrions augmenter nos marges en servant directement nos clients | S44: 4
B45: 5.5 | D45: =' '!A473 -> Nous pouvons améliorer l'adéquation des canaux et des segments de clients | S45: 5
B46: 5.6 | D46: =' '!A474 -> Nos concurrents menacent nos canaux de distribution | S46: 6
B47: 5.7 | D47: =' '!A475 -> Nos canaux de distribution risquent de ne plus être pertinents/adaptés pour nos clients | S47: 7
B48: 6 | D48: CUSTOMER RELATIONSHIP | N48: =SUM(B172:B178) -> 20 | O48: / | P48: 35
B49: 6.1 | D49: =' '!A476 -> Le suivi clients recèle un potentiel d'amélioration | S49: 8
B50: 6.2 | D50: =' '!A477 -> Nous pourrions resserrer nos relations avec nos clients | S50: 7
B51: 6.3 | D51: =' '!A478 -> Nous pourrions améliorer la personnalisation | S51: 6
B52: 6.4 | D52: =' '!A479 -> Nous pourrions augmenter les coûts de changement (switching costs) | S52: 5
B53: 6.5 | D53: =' '!A480 -> Nous avons identifié et "éliminé" les clients non rentables | S53: 4
B54: 6.6 | D54: =' '!A481 -> Nous avons automatisé certaines relations | S54: 3
B55: 6.7 | D55: =' '!A482 -> Nos relations avec les clients risquent de se détériorer | S55: 1
B56: 7 | D56: KEY RESSOURCES | N56: =SUM(B180:B185) -> 17 | O56: / | P56: 30
B57: 7.1 | D57: =' '!A483 -> Nous pouvons utiliser moins de ressources coûteuses pour arriver au même résultat | S57: 9
B58: 7.2 | D58: =' '!A484 -> Nous avons besoins des ressources clés pour lesquels il serait préférable de se procurer auprès de partenaires | S58: 8
B59: 7.3 | D59: =' '!A485 -> Nous avons des ressources clés qui sont sous-exploitées | S59: 7
B60: 7.4 | D60: =' '!A486 -> Nous avons des brevets ou d'autres découvertes inexploités qui pourraient avoir de la valeur pour d'autres | S60: 6
B61: 7.5 | D61: =' '!A487 -> Nous risquons d'être confrontés à une rupture de l'offre de certaines ressources | S61: 5
B62: 7.6 | D62: =' '!A488 -> La qualité de nos ressources est menacée | S62: 4
B63: 8 | D63: KEY ACTIVITIES | N63: =SUM(B187:B191) -> 15 | O63: / | P63: 25
B64: 8.1 | D64: =' '!A489 -> Nous pouvons standardiser certaines activités clés | S64: 8
B65: 8.2 | D65: =' '!A490 -> Nous pourrions améliorer notre performance de manière générale | S65: 5
B66: 8.3 | D66: =' '!A491 -> Un support informatique pourrait améliorer notre performance | S66: 2
B67: 8.4 | D67: =' '!A492 -> Des activités clés pourraient être bouleversées | S67: 6
B68: 8.5 | D68: =' '!A493 -> La qualité de nos activités est menacée | S68: 7
B69: 9 | D69: KEY PARTNERSHIP | N69: =SUM(B193:B200) -> 33 | O69: / | P69: 40
B70: 9.1 | D70: =' '!A495 -> Des opportunités d'externationalisation existent | S70: 10
B71: 9.2 | D71: =' '!A496 -> Une collaboration plus étroite avec nos partenaires nous aiderait à nous concentrer sur notre cœur d'activité | S71: 7
B72: 9.3 | D72: =' '!A497 -> Il existe des opportunités de ventes-croisées/associées avec nos partenaires | S72: 5
B73: 9.4 | D73: =' '!A498 -> Les canaux de distribution de partenaires pourraient nous aider à toucher davantage de clients | S73: 6
B74: 9.5 | D74: =' '!A499 -> Nos partenaires pourraient compléter notre proposition de valeur | S74: 9
B75: 9.6 | D75: =' '!A500 -> Nous risquons de perdre des partenaires | S75: 6
B76: 9.7 | D76: =' '!A501 -> Nos partenaires pourraient collaborer avec des concurrents | S76: 10
B77: 9.8 | D77: =' '!A502 -> Nous sommes trop dépendants de certains partenaires | S77: 10
B79: © iManagement • s.imboden • www.2iManagement.ch
B82: =D10 -> CUSTOMER RELATIONSHIP | C82: =5/P10*N10 -> 3.4285714
B83: =D18 -> REVENUE STREAMS | C83: =5/P18*N18 -> 2.75
B84: =D27 -> COST STRUCTURE | C84: =5/P27*N27 -> 3
B85: =D31 -> CUSTOMER SEGMENTS | C85: =5/P31*N31 -> 3
B86: =D40 -> CHANNELS | C86: =5/P40*N40 -> 2.8571429
B87: =D48 -> CUSTOMER RELATIONSHIP | C87: =5/40*23 -> 2.875
B88: =D56 -> KEY RESSOURCES | C88: =5/P56*N56 -> 2.8333333
B89: =D63 -> KEY ACTIVITIES | C89: =5/P63*N63 -> 3
B90: =D69 -> KEY PARTNERSHIP | C90: =5/P69*N69 -> 4.125
A130: =A133/590 -> 0.61016949 | B130: =(B133/205) -> 0.60487805 | C130: Kreisgrösse | D130: =(D133/2950) -> 0.38983051
A133: =SUM(A134:A200) -> 360 | B133: =SUM(B134:B180) -> 124 | D133: =SUM(D134:D200) -> 1150 | F133: Anzahl
A134: =S11 -> 9 | B134: 3 | C134: 1 | D134: =B134*S11 -> 27 | E134: 1 | F134: =COUNTIF(B134:B200,1) -> 5
A135: =S12 -> 8 | B135: 3 | C135: 1 | D135: =B135*S12 -> 24 | E135: 2 | F135: =COUNTIF(B134:B200,2) -> 16
A136: =S13 -> 7 | B136: 4 | C136: 1 | D136: =B136*S13 -> 28 | E136: 3 | F136: =COUNTIF(B134:B200,3) -> 16
A137: =S14 -> 6 | B137: 4 | C137: 1 | D137: =B137*S14 -> 24 | E137: 4 | F137: =COUNTIF(B134:B200,4) -> 11
A138: =S15 -> 4 | B138: 3 | C138: 1 | D138: =B138*S15 -> 12 | E138: 5 | F138: =COUNTIF(B134:B200,5) -> 11
A139: =S16 -> 3 | B139: 2 | C139: 1 | D139: =B139*S16 -> 6
A140: =S17 -> 3 | B140: 5 | C140: 1 | D140: =B140*S17 -> 15
A142: =S19 -> 10 | B142: 1 | C142: 1 | D142: =B142*S19 -> 10
A143: =S20 -> 9 | B143: 2 | C143: 1 | D143: =B143*S20 -> 18
A144: =S21 -> 8 | B144: 3 | C144: 1 | D144: =B144*S21 -> 24
A145: =S22 -> 7 | B145: 2 | C145: 1 | D145: =B145*S22 -> 14
A146: =S23 -> 6 | B146: 5 | C146: 1 | D146: =B146*S23 -> 30
A147: =S24 -> 5 | B147: 4 | C147: 1 | D147: =B147*S24 -> 20
A148: =S25 -> 4 | B148: 3 | C148: 1 | D148: =B148*S25 -> 12
A149: =S26 -> 3 | B149: 2 | C149: 1 | D149: =B149*S26 -> 6
...

Sheet Stakeholder
B1: =' '!A51 -> A N A L Y S E D E S P A R T I E S P R E N A N T E S
B4: =' '!A65 -> No. | C4: =' '!A66 -> Groupe de parties prenantes | D4: =' '!A68 -> Etendue de l'intérêt | E4: =' '!A69 -> Etendue de l'influence | F4: =' '!A67 -> Intérêt, attentes | G4: =' '!A73 -> Taille du groupe | H4: =' '!A70 -> Chances (+) et Dangers (-) | I4: =' '!A71 -> Mesures possibles | J4: =' '!A72 -> Statut
B5: s1 | C5: Groupe 1 | D5: 3 | E5: 7 | G5: 1 | J5: 1 | K5: =IF(G5=3,3, IF(G5=2,2,1)) -> 1
B6: s2 | C6: Groupe 2 | D6: 8 | E6: 9 | G6: 1 | J6: 1 | K6: =IF(G6=3,3, IF(G6=2,2,1)) -> 1
B7: s3 | J7: 1 | K7: =IF(G7=3,3, IF(G7=2,2,1)) -> 1
B8: s4 | J8: 1 | K8: =IF(G8=3,3, IF(G8=2,2,1)) -> 1
B9: s5 | J9: 1 | K9: =IF(G9=3,3, IF(G9=2,2,1)) -> 1
B10: s6 | J10: 1 | K10: =IF(G10=3,3, IF(G10=2,2,1)) -> 1
B11: s7 | J11: 1 | K11: =IF(G11=3,3, IF(G11=2,2,1)) -> 1
B12: s8 | J12: 1 | K12: =IF(G12=3,3, IF(G12=2,2,1)) -> 1
B13: s9 | J13: 1 | K13: =IF(G13=3,3, IF(G13=2,2,1)) -> 1
B14: s10 | J14: 1 | K14: =IF(G14=3,3, IF(G14=2,2,1)) -> 1
B15: s11 | J15: 1 | K15: =IF(G15=3,3, IF(G15=2,2,1)) -> 1
B16: s12 | J16: 1 | K16: =IF(G16=3,3, IF(G16=2,2,1)) -> 1
B17: s13 | J17: 1 | K17: =IF(G17=3,3, IF(G17=2,2,1)) -> 1
B18: s14 | J18: 1 | K18: =IF(G18=3,3, IF(G18=2,2,1)) -> 1
... B23: s19 | J23: 1 | K23: =IF(G23=3,3, IF(G23=2,2,1)) -> 1
B24: s20 | K24: =IF(G24=3,3, IF(G24=2,2,1)) -> 1
B25: © iManagement • s.imboden • www.2iManagement.ch
H28: =CONCATENATE(" ",B5," ",C5) -> s1 Groupe 1
H29: =CONCATENATE(" ",B6," ",C6) -> s2 Groupe 2
H30: =CONCATENATE(" ",B7," ",C7) -> s3
H31: =CONCATENATE(" ",B8," ",C8) -> s4
H32: =CONCATENATE(" ",B9," ",C9) -> s5
H33: =CONCATENATE(" ",B10," ",C10) -> s6
H34: =CONCATENATE(" ",B11," ",C11) -> s7
H35: =CONCATENATE(" ",B12," ",C12) -> s8
H36: =CONCATENATE(" ",B13," ",C13) -> s9
H37: =CONCATENATE(" ",B14," ",C14) -> s10
H38: =CONCATENATE(" ",B15," ",C15) -> s11
H39: =CONCATENATE(" ",B16," ",C16) -> s12
... H47: =CONCATENATE(" ",B24," ",C24) -> s20
B75: © iManagement • s.imboden • www.2iManagement.ch

Sheet Wertkette
B1: =' '!A139 -> C H A Î N E D E V A L E U R D E P O R T E R
A4: x!A192
B7: =CONCATENATE(' '!A159," (",' '!$A$141,")") -> Logistique interne (Activités principales)
B8: =' '!$A$177 -> No. | C8: =' '!$A$167 -> Activité | D8: =' '!$A$386 -> en % | E8: =' '!A181 -> Forces principales | F8: =' '!A182 -> Faiblesses principales | G8: =' '!$A$184 -> Plus value pour clients | H8: =' '!$A$186 -> Mesures possibles | I8: =' '!$A$187 -> Statut
B9: 1 | G9: 3 | I9: 2
B10: 2 | G10: 4
B11: 3
B12: 4
B13: 5
B14: 6
B15: 7
B16: 8
B17: 9
B18: 10
C19: TOTAL | D19: =SUM(D9:D18) -> 0
B21: =CONCATENATE(' '!A162," (",' '!$A$141,")") -> Production (Activités principales)
B22: =' '!$A$177 -> No. | C22: =' '!$A$167 -> Activité | D22: =' '!$A$386 -> en % | E22: =$E$8 -> Forces principales | F22: =$F$8 -> Faiblesses principales | G22: =' '!$A$184 -> Plus value pour clients | H22: =' '!$A$186 -> Mesures possibles | I22: =' '!$A$187 -> Statut
B23: 1 | G23: 1 | I23: 2
B24: 2 | G24: 4
B25: 3 | G25: 4
B26: 4 | G26: 1
B27: 5 | G27: 1
B28: 6 | G28: 4
B29: 7 | G29: 1
B30: 8 | G30: 1
B31: 9 | G31: 1
B32: 10 | G32: 1
C33: TOTAL | D33: =SUM(D23:D32) -> 0
B35: =CONCATENATE(' '!A163," (",' '!$A$141,")") -> Logistique externe (Activités principales)
B36: =' '!$A$177 -> No. | C36: =' '!$A$167 -> Activité | D36: =' '!$A$386 -> en % | E36: =$E$8 -> Forces principales | F36: =$F$8 -> Faiblesses principales | G36: =' '!$A$184 -> Plus value pour clients | H36: =' '!$A$186 -> Mesures possibles | I36: =' '!$A$187 -> Statut
B37: 1 | G37: 3 | I37: 2
B38: 2 | G38: 2
B39: 3
B40: 4
B41: 5
B42: 6
B43: 7
B44: 8
B45: 9
B46: 10
C47: TOTAL | D47: =SUM(D37:D46) -> 0
B49: =CONCATENATE(' '!A149," (",' '!$A$141,")") -> Marketing&Vente (Activités principales)
B50: =' '!$A$177 -> No. | C50: =' '!$A$167 -> Activité | D50: =' '!$A$386 -> en % | E50: =$E$8 -> Forces principales | F50: =$F$8 -> Faiblesses principales | G50: =' '!$A$184 -> Plus value pour clients | H50: =' '!$A$186 -> Mesures possibles | I50: =' '!$A$187 -> Statut
B51: 1 | G51: 3 | I51: 2
B52: 2 | G52: 4
B53: 3 | G53: 1
B54: 4
B55: 5
B56: 6
B57: 7
B58: 8
B59: 9
B60: 10
C61: TOTAL | D61: =SUM(D51:D60) -> 0
B63: =CONCATENATE(' '!A165," (",' '!$A$141,")") -> Service à la clientèle (Activités principales)
B64: =' '!$A$177 -> No. | C64: =' '!$A$167 -> Activité | D64: =' '!$A$386 -> en % | E64: =$E$8 -> Forces principales | F64: =$F$8 -> Faiblesses principales | G64: =' '!$A$184 -> Plus value pour clients | H64: =' '!$A$186 -> Mesures possibles | I64: =' '!$A$187 -> Statut
B65: 1 | G65: 0 | I65: 2
B66: 2 | G66: 4
B67: 3 | G67: 1
B68: 4
B69: 5
B70: 6
B71: 7
B72: 8
B73: 9
B74: 10
C75: TOTAL | D75: =SUM(D65:D74) -> 0
B77: =CONCATENATE(' '!A156," (",' '!$A$153,")") -> Achats / approvisionnements (Activités de soutien)
B78: =' '!$A$177 -> No. | C78: =' '!$A$167 -> Activité | D78: =' '!$A$386 -> en % | E78: =$E$8 -> Forces principales | F78: =$F$8 -> Faiblesses principales | G78: =' '!$A$184 -> Plus value pour clients | H78: =' '!$A$186 -> Mesures possibles | I78: =' '!$A$187 -> Statut
B79: 1 | G79: 3 | I79: 2
B80: 2
B81: 3
B82: 4
B83: 5
B84: 6
B85: 7
B86: 8
B87: 9
B88: 10
C89: TOTAL | D89: =SUM(D79:D88) -> 0
B91: =CONCATENATE(' '!A157," (",' '!$A$153,")") -> Développement technologique / R&D (Activités de soutien)
B92: =' '!$A$177 -> No. | C92: =' '!$A$167 -> Activité | D92: =' '!$A$386 -> en % | E92: =$E$8 -> Forces principales | F92: =$F$8 -> Faiblesses principales | G92: =' '!$A$184 -> Plus value pour clients | H92: =' '!$A$186 -> Mesures possibles | I92: =' '!$A$187 -> Statut
B93: 1 | G93: 3 | I93: 2
B94: 2
B95: 3
B96: 4
B97: 5
B98: 6
B99: 7
B100: 8
B101: 9
B102: 10
C103: TOTAL | D103: =SUM(D93:D102) -> 0
B105: =CONCATENATE(' '!A158," (",' '!$A$153,")") -> Gestion des ressources humaines (Activités de soutien)
B106: =' '!$A$177 -> No. | C106: =' '!$A$167 -> Activité | D106: =' '!$A$386 -> en % | E106: =$E$8 -> Forces principales | F106: =$F$8 -> Faiblesses principales | G106: =' '!$A$184 -> Plus value pour clients | H106: =' '!$A$186 -> Mesures possibles | I106: =' '!$A$187 -> Statut
B107: 1 | G107: 3 | I107: 2
B108: 2
B109: 3
B110: 4
B111: 5
...

Sheet Produkte
B1: =' '!A348 -> P R O D U I T S & P R E S T A T I O N S D E S E R V I C E S
B4: =' '!A65 -> No. | C4: =' '!A349 -> Produit/Prestations de service | D4: =' '!A352 -> USP | E4: =' '!A353 -> Demande | F4: =' '!A354 -> Chiffre d'affaire | G4: =' '!A70 -> Chances (+) et Dangers (-) | H4: =' '!A71 -> Mesures possibles | I4: =' '!A72 -> Statut
B5: P1 | C5: Product 1 | D5: 3 | E5: 8 | F5: 1 | J5: =IF(F5=3,3, IF(F5=2,2,1)) -> 1
B6: P2 | C6: Product 2 | D6: 8 | E6: 4 | F6: 2 | J6: =IF(F6=3,3, IF(F6=2,2,1)) -> 2
B7: P3 | J7: =IF(F7=3,3, IF(F7=2,2,1)) -> 1
B8: P4 | J8: =IF(F8=3,3, IF(F8=2,2,1)) -> 1
B9: P5 | J9: =IF(F9=3,3, IF(F9=2,2,1)) -> 1
B10: P6 | J10: =IF(F10=3,3, IF(F10=2,2,1)) -> 1
B11: P7 | J11: =IF(F11=3,3, IF(F11=2,2,1)) -> 1
B12: P8 | J12: =IF(F12=3,3, IF(F12=2,2,1)) -> 1
B13: P9 | J13: =IF(F13=3,3, IF(F13=2,2,1)) -> 1
B14: P10 | J14: =IF(F14=3,3, IF(F14=2,2,1)) -> 1
B15: P11 | J15: =IF(F15=3,3, IF(F15=2,2,1)) -> 1
B16: P12 | J16: =IF(F16=3,3, IF(F16=2,2,1)) -> 1
B17: P13 | J17: =IF(F17=3,3, IF(F17=2,2,1)) -> 1
B18: P14 | J18: =IF(F18=3,3, IF(F18=2,2,1)) -> 1
... B24: P20 | J24: =IF(F24=3,3, IF(F24=2,2,1)) -> 1
H36: =CONCATENATE(" ",B5," ",C5) -> P1 Product 1
H37: =CONCATENATE(" ",B6," ",C6) -> P2 Product 2
H38: =CONCATENATE(" ",B7," ",C7) -> P3
H39: =CONCATENATE(" ",B8," ",C8) -> P4
H40: =CONCATENATE(" ",B9," ",C9) -> P5
H41: =CONCATENATE(" ",B10," ",C10) -> P6
H42: =CONCATENATE(" ",B11," ",C11) -> P7
H43: =CONCATENATE(" ",B12," ",C12) -> P8
H44: =CONCATENATE(" ",B13," ",C13) -> P9
H45: =CONCATENATE(" ",B14," ",C14) -> P10
H46: =CONCATENATE(" ",B15," ",C15) -> P11
H47: =CONCATENATE(" ",B16," ",C16) -> P12
... H55: =CONCATENATE(" ",B24," ",C24) -> P20
B60: © iManagement • s.imboden • www.2iManagement.ch

Sheet Kundenbeziehung
B1: =' '!A370 -> R E L A T I O N C L I E N T
B5: =' '!A65 -> No. | C5: =' '!A374 -> Clients | E5: =' '!A333 -> Comment atteindre le client ? | F5: =' '!A367 -> Mesures possible | G5: =' '!A72 -> Statut
B7: 1 | C7: =IF(Kunden!C5<>"",Kunden!C5,"") -> Client 1 | E7: Coaching individuel | G7: 3
B8: 2 | C8: =IF(Kunden!C6<>"",Kunden!C6,"") -> Client 2 | E8: Contacts personnalisé | G8: 3
B9: 3 | C9: =IF(Kunden!C7<>"",Kunden!C7,"")
B10: 4 | C10: =IF(Kunden!C8<>"",Kunden!C8,"")
B11: 5 | C11: =IF(Kunden!C9<>"",Kunden!C9,"")
B12: 6 | C12: =IF(Kunden!C10<>"",Kunden!C10,"")
B13: 7 | C13: =IF(Kunden!C11<>"",Kunden!C11,"")
B14: 8 | C14: =IF(Kunden!C12<>"",Kunden!C12,"")
B15: 9 | C15: =IF(Kunden!C13<>"",Kunden!C13,"")
B16: 10 | C16: =IF(Kunden!C14<>"",Kunden!C14,"")
B17: 11 | C17: =IF(Kunden!C15<>"",Kunden!C15,"") | E17: Publicité
B18: 12 | C18: =IF(Kunden!C16<>"",Kunden!C16,"")
B19: 13 | C19: =IF(Kunden!C17<>"",Kunden!C17,"")
B20: 14 | C20: =IF(Kunden!C18<>"",Kunden!C18,"")
B21: 15 | C21: =IF(Kunden!C19<>"",Kunden!C19,"")
B22: 16 | C22: =IF(Kunden!C20<>"",Kunden!C20,"")
B23: 17 | C23: =IF(Kunden!C21<>"",Kunden!C21,"")
B24: 18 | C24: =IF(Kunden!C22<>"",Kunden!C22,"")
B25: 19 | C25: =IF(Kunden!C23<>"",Kunden!C23,"")
B26: 20 | C26: =IF(Kunden!C24<>"",Kunden!C24,"")
B28: © iManagement • s.imboden • www.2iManagement.ch

Sheet Kunden
B1: =' '!A355 -> S E G M E N T A T I O N D E S C L I E N T S
B4: =' '!A65 -> No. | C4: =' '!A362 -> Client | D4: =' '!A363 -> Loyauté | E4: =' '!A364 -> Rentabilité | F4: =' '!A365 -> Client ABC | G4: =' '!A367 -> Mesures possible | H4: =' '!A72 -> Statut | I4: =' '!A115 -> Remarques
B5: C1 | C5: Client 1 | D5: 8 | E5: 10 | F5: A | H5: 2 | I5: =' '!A368 -> Comment atteindre le client? | J5: =IF(F5="A",3, IF(F5="B",2,1)) -> 3
B6: C2 | C6: Client 2 | D6: 3 | E6: 4 | F6: C | H6: 3 | I6: =' '!A369 -> Canaux de distribution | J6: =IF(F6="A",3, IF(F6="B",2,1)) -> 1
B7: C3 | J7: =IF(F7="A",3, IF(F7="B",2,1)) -> 1
B8: C4 | J8: =IF(F8="A",3, IF(F8="B",2,1)) -> 1
B9: C5 | J9: =IF(F9="A",3, IF(F9="B",2,1)) -> 1
B10: C6 | J10: =IF(F10="A",3, IF(F10="B",2,1)) -> 1
B11: C7 | J11: =IF(F11="A",3, IF(F11="B",2,1)) -> 1
B12: C8 | J12: =IF(F12="A",3, IF(F12="B",2,1)) -> 1
B13: C9 | J13: =IF(F13="A",3, IF(F13="B",2,1)) -> 1
B14: C10 | J14: =IF(F14="A",3, IF(F14="B",2,1)) -> 1
B15: C11 | J15: =IF(F15="A",3, IF(F15="B",2,1)) -> 1
B16: C12 | J16: =IF(F16="A",3, IF(F16="B",2,1)) -> 1
B17: C13 | J17: =IF(F17="A",3, IF(F17="B",2,1)) -> 1
B18: C14 | J18: =IF(F18="A",3, IF(F18="B",2,1)) -> 1
... B24: C20 | J24: =IF(F24="A",3, IF(F24="B",2,1)) -> 1
B25: © iManagement • s.imboden • www.2iManagement.ch
I40: =CONCATENATE(B5," ",C5) -> C1 Client 1
I41: =CONCATENATE(B6," ",C6) -> C2 Client 2
I42: =CONCATENATE(B7," ",C7) -> C3
I43: =CONCATENATE(B8," ",C8) -> C4
I44: =CONCATENATE(B9," ",C9) -> C5
I45: =CONCATENATE(B10," ",C10) -> C6
I46: =CONCATENATE(B11," ",C11) -> C7
I47: =CONCATENATE(B12," ",C12) -> C8
I48: =CONCATENATE(B13," ",C13) -> C9
I49: =CONCATENATE(B14," ",C14) -> C10
I50: =CONCATENATE(B15," ",C15) -> C11
I51: =CONCATENATE(B16," ",C16) -> C12
... I59: =CONCATENATE(B24," ",C24) -> C20

Sheet Kernkompetenzen
B1: =' '!A168 -> R E S S O U R C E S & C O M P É T E N C E S C L É
E4: =' '!A175 -> Importance stratégique
B5: =' '!A177 -> No. | C5: =' '!A178 -> Ressources clé | D5: =' '!A170 -> Compétences clé | E5: =' '!A184 -> Plus value pour clients | F5: =' '!A185 -> Difficile à substituer | G5: =' '!A179 -> Chances principales | H5: =' '!A180 -> Dangers principaux | I5: =' '!A186 -> Mesures possibles | J5: =' '!A187 -> Statut
B6: R1 | C6: Ressource 1 | E6: 4 | F6: 2 | J6: 2
B7: R2 | C7: Ressource 2 | E7: 2 | F7: 4
B8: R3
B9: R4
B10: R5
B11: R6
B12: R7
B13: R8
B14: R9
B15: R10
B16: R11
B17: R12
B18: © iManagement • s.imboden • www.2iManagement.ch
H33: =CONCATENATE(" ",B6," ",C6) -> R1 Ressource 1
H34: =CONCATENATE(" ",B7," ",C7) -> R2 Ressource 2
H35: =CONCATENATE(" ",B8," ",C8) -> R3
H36: =CONCATENATE(" ",B9," ",C9) -> R4
H37: =CONCATENATE(" ",B10," ",C10) -> R5
H38: =CONCATENATE(" ",B11," ",C11) -> R6
H39: =CONCATENATE(" ",B12," ",C12) -> R7
H40: =CONCATENATE(" ",B13," ",C13) -> R8
H41: =CONCATENATE(" ",B14," ",C14) -> R9
H42: =CONCATENATE(" ",B15," ",C15) -> R10
H43: =CONCATENATE(" ",B16," ",C16) -> R11
H44: =CONCATENATE(" ",B17," ",C17) -> R12
B53: © iManagement • s.imboden • www.2iManagement.ch

Sheet Distribution
B1: =' '!A371 -> C A N A U X D E D I S T R I B U T I O N
B5: =' '!A65 -> No. | C5: =' '!A374 -> Clients | E5: =' '!A338 -> Quels sont les canaux de distribution ? | F5: =' '!A367 -> Mesures possible | G5: =' '!A72 -> Statut
B7: 1 | C7: =IF(Kunden!C5<>"",Kunden!C5,"") -> Client 1 | E7: Médias | G7: 2
B8: 2 | C8: =IF(Kunden!C6<>"",Kunden!C6,"") -> Client 2 | G8: 3
B9: 3 | C9: =IF(Kunden!C7<>"",Kunden!C7,"")
B10: 4 | C10: =IF(Kunden!C8<>"",Kunden!C8,"")
B11: 5 | C11: =IF(Kunden!C9<>"",Kunden!C9,"")
B12: 6 | C12: =IF(Kunden!C10<>"",Kunden!C10,"")
B13: 7 | C13: =IF(Kunden!C11<>"",Kunden!C11,"")
B14: 8 | C14: =IF(Kunden!C12<>"",Kunden!C12,"")
B15: 9 | C15: =IF(Kunden!C13<>"",Kunden!C13,"")
B16: 10 | C16: =IF(Kunden!C14<>"",Kunden!C14,"")
B17: 11 | C17: =IF(Kunden!C15<>"",Kunden!C15,"")
B18: 12 | C18: =IF(Kunden!C16<>"",Kunden!C16,"")
B19: 13 | C19: =IF(Kunden!C17<>"",Kunden!C17,"")
B20: 14 | C20: =IF(Kunden!C18<>"",Kunden!C18,"")
... B26: 20 | C26: =IF(Kunden!C24<>"",Kunden!C24,"")
B28: © iManagement • s.imboden • www.2iManagement.ch

Sheet Kosten
B1: =' '!A384 -> S T R U C T U R E D E S C O Û T S
B24: =' '!A65 -> No. | C24: =' '!A385 -> Coûts | D24: =' '!A386 -> en % | E24: =' '!A387 -> Influença-bilité? | F24: =' '!A70 -> Chances (+) et Dangers (-) | G24: =' '!A71 -> Mesures possibles | H24: =' '!A72 -> Statut
B25: 1 | C25: Personnel (formation + Ra&D) | D25: 0.8 | E25: 3
B26: 2 | C26: ? | D26: 0.2
B27: 3
B28: 4
B29: 5
B30: 6
B31: 7
B32: 8
B33: 9
B34: 10
B35: 11
B36: 12
B37: 13
B38: 14
B39: 15
C40: TOTAL | D40: =SUM(D25:D39) -> 1
B41: © iManagement • s.imboden • www.2iManagement.ch

Sheet Einnahmen
B1: =' '!A381 -> S O U R C E S D E R E V E N U S
B24: =' '!A65 -> No. | C24: =' '!A382 -> Source de revenu | D24: =' '!A386 -> en % | E24: =' '!A387 -> Influença-bilité? | F24: =' '!A70 -> Chances (+) et Dangers (-) | G24: =' '!A71 -> Mesures possibles | H24: =' '!A72 -> Statut
B25: 1 | C25: Revenu 1 | D25: 0.7 | E25: 1
B26: 2 | C26: ? | D26: 0.3
B27: 3
B28: 4
B29: 5
B30: 6
B31: 7
B32: 8
B33: 9
B34: 10
B35: 11
B36: 12
B37: 13
B38: 14
B39: 15
C40: TOTAL | D40: =SUM(D25:D39) -> 1
B41: © iManagement • s.imboden • www.2iManagement.ch

Sheet Markt
B1: =' '!A506 -> M A R C H É
B6: =' '!A177 -> No. | C6: =' '!A507 -> Marché | D6: =' '!A511 -> Caractéristiques | E6: =' '!A512 -> Intensité de la demande | F6: =' '!A508 -> Potentiel | G6: =' '!A509 -> Croissance attendue | H6: =' '!A510 -> Volume marché | I6: =' '!A517 -> en Sfr. | J6: =' '!A518 -> Par du marché [%] | K6: =' '!A517 -> en Sfr.
B7: M1 | C7: Markt 1 | E7: Marché de masse | F7: 10 | G7: 6 | H7: 2 | I7: 1000000 | J7: 0.3 | K7: =J7*I7 -> 300000 | L7: =IF(H7=3,3, IF(H7=2,2,1)) -> 2
B8: M2 | C8: Markt 2 | E8: Nischenmarkt | F8: 9 | G8: 10 | H8: 3 | I8: 500000 | J8: 0.1 | K8: =J8*I8 -> 50000 | L8: =IF(H8=3,3, IF(H8=2,2,1)) -> 3
B9: M3 | C9: Markt 3 | F9: 8 | G9: 1 | J9: 0.3 | K9: =J9*I9 -> 0 | L9: =IF(H9=3,3, IF(H9=2,2,1)) -> 1
B10: M4 | C10: Markt 4 | F10: 7 | G10: 3 | J10: 0.4 | K10: =J10*I10 -> 0 | L10: =IF(H10=3,3, IF(H10=2,2,1)) -> 1
B11: M5 | C11: Markt 5 | J11: 0.5 | K11: =J11*I11 -> 0 | L11: =IF(H11=3,3, IF(H11=2,2,1)) -> 1
B12: M6 | C12: Markt 6 | J12: 0.6 | K12: =J12*I12 -> 0 | L12: =IF(H12=3,3, IF(H12=2,2,1)) -> 1
B13: M7 | C13: Markt 7 | J13: 0.7 | K13: =J13*I13 -> 0 | L13: =IF(H13=3,3, IF(H13=2,2,1)) -> 1
B14: M8 | C14: Markt 8 | J14: 0.75 | K14: =J14*I14 -> 0 | L14: =IF(H14=3,3, IF(H14=2,2,1)) -> 1
B15: © iManagement - s.imboden | H15: =' '!A574 -> Totale | I15: =SUM(I7:I14) -> 1500000 | K15: =SUM(K7:K14) -> 350000
B52: © iManagement • s.imboden • www.2iManagement.ch

Sheet Branchenstruktur
B1: =' '!A89 -> 5 F O R C E S D E P O R T E R
G5: =' '!A90 -> Menace de nouv. entrants | H5: =IF($E$34<>0,$E$34,0.1) -> 3
G6: =' '!A93 -> Produits de substitution | H6: =IF($E$49<>0,$E$49,0.1) -> 1
G7: =' '!A91 -> Pouvoir de nég. fournisseurs | H7: =IF($E$64<>0,$E$64,0.1) -> 4
G8: =' '!A92 -> Pouvoir de nég. clients | H8: =IF($E$79<>0,$E$79,0.1) -> 2
G9: =' '!A94 -> Concurrence / rivalité | H9: =IF($E$94<>0,$E$94,0.1) -> 7
C22: =' '!A95 -> Menace de nouveaux entrants
B23: =' '!A100 -> No. | C23: =' '!A101 -> Désignation | D23: =' '!A102 -> Impact | E23: =' '!A103 -> Degré de danger | F23: =' '!A105 -> Ten- dance | G23: =' '!A106 -> Mesures possibles | H23: =' '!A107 -> Statut | I23: =COUNTIF(H23:H33,1) -> 0
B24: 1 | E24: 3 | F24: 1 | I24: =COUNTIF(H24:H33,2) -> 0
B25: =$B24+1 -> 2 | I25: =COUNTIF(H24:H34,3) -> 0
B26: =$B25+1 -> 3
B27: =$B26+1 -> 4
B28: =$B27+1 -> 5
B29: =$B28+1 -> 6
B30: =$B29+1 -> 7
B31: =$B30+1 -> 8
B32: =$B31+1 -> 9
B33: =$B32+1 -> 10
D34: =' '!$A$108 -> Somme | E34: =SUM(E24:E33) -> 3
C37: =' '!A97 -> Menace des produits de substitution
B38: =B23 -> No. | C38: =C23 -> Désignation | D38: =D23 -> Impact | E38: =E23 -> Degré de danger | F38: =F23 -> Ten- dance | G38: =G23 -> Mesures possibles | H38: =H23 -> Statut | I38: =COUNTIF(H38:H48,1) -> 0
B39: 1 | E39: 1 | F39: 2 | I39: =COUNTIF(H38:H48,2) -> 0
B40: =$B39+1 -> 2 | I40: =COUNTIF(H38:H50,3) -> 0
B41: =$B40+1 -> 3
B42: =$B41+1 -> 4
B43: =$B42+1 -> 5
B44: =$B43+1 -> 6
B45: =$B44+1 -> 7
B46: =$B45+1 -> 8
B47: =$B46+1 -> 9
B48: =$B47+1 -> 10
D49: =' '!$A$108 -> Somme | E49: =SUM(E39:E48) -> 1
C52: =' '!A96 -> Pouvoir de négociation des fournisseurs
B53: =B23 -> No. | C53: =C23 -> Désignation | D53: =D23 -> Impact | E53: =E23 -> Degré de danger | F53: =F23 -> Ten- dance | G53: =G23 -> Mesures possibles | H53: =H23 -> Statut | I53: =COUNTIF(H53:H63,1) -> 0
B54: 1 | E54: 4 | I54: =COUNTIF(H53:H63,2) -> 0
B55: =$B54+1 -> 2 | I55: =COUNTIF(H53:H64,3) -> 0
B56: =$B55+1 -> 3
B57: =$B56+1 -> 4
B58: =$B57+1 -> 5
B59: =$B58+1 -> 6
B60: =$B59+1 -> 7
B61: =$B60+1 -> 8
B62: =$B61+1 -> 9
B63: =$B62+1 -> 10
D64: =' '!$A$108 -> Somme | E64: =SUM(E54:E63) -> 4
C67: =' '!A98 -> Pouvoir de négociation des clients
B68: =B23 -> No. | C68: =C23 -> Désignation | D68: =D23 -> Impact | E68: =E23 -> Degré de danger | F68: =F23 -> Ten- dance | G68: =G23 -> Mesures possibles | H68: =H23 -> Statut | I68: =COUNTIF(H68:H78,1) -> 0
B69: 1 | E69: 2 | I69: =COUNTIF(H68:H78,2) -> 0
B70: =$B69+1 -> 2 | I70: =COUNTIF(H68:H79,3) -> 0
B71: =$B70+1 -> 3
B72: =$B71+1 -> 4
B73: =$B72+1 -> 5
B74: =$B73+1 -> 6
B75: =$B74+1 -> 7
B76: =$B75+1 -> 8
B77: =$B76+1 -> 9
B78: =$B77+1 -> 10
D79: =' '!$A$108 -> Somme | E79: =SUM(E69:E78) -> 2
C82: =' '!A99 -> Concurrence / rivalité
B83: =B23 -> No. | C83: =C23 -> Désignation | D83: =D23 -> Impact | E83: =E23 -> Degré de danger | F83: =F23 -> Ten- dance | G83: =G23 -> Mesures possibles | H83: =H23 -> Statut | I83: =COUNTIF(H83:H93,1) -> 0
B84: 1 | E84: 3 | I84: =COUNTIF(H83:H93,2) -> 0
B85: =$B84+1 -> 2 | E85: 4 | I85: =COUNTIF(H83:H94,3) -> 0
B86: =$B85+1 -> 3
B87: =$B86+1 -> 4
B88: =$B87+1 -> 5
B89: =$B88+1 -> 6
B90: =$B89+1 -> 7
B91: =$B90+1 -> 8
B92: =$B91+1 -> 9
B93: =$B92+1 -> 10
B94: © iManagement • www.2iManagement.ch | D94: =' '!$A$108 -> Somme | E94: =SUM(E84:E93) -> 7

Sheet Entwicklungstrends
B1: =' '!A243 -> T E N D A N C E S D E D É V E L O P P E M E N T
C4: Politisch | D4: =IF(E24<>0,E24,0.1) -> 8
C5: Ökonomisch | D5: =IF(E39<>0,E39,0.1) -> 5
C6: Soziologisch | D6: =IF(E54<>0,E54,0.1) -> 2
C7: Technologisch | D7: =IF(E69<>0,E69,0.1) -> 3
C8: Rechtlich | D8: =IF(E84<>0,E84,0.1) -> 1
C9: Ökologisch | D9: =IF(E99<>0,E99,0.1) -> 9
C12: =' '!A250 -> Tendances politiques
B13: =' '!A251 -> No. | C13: =' '!A252 -> Désignation | D13: =' '!A253 -> Impact | E13: =' '!A254 -> Intensité de l'impact | F13: =' '!A255 -> Ten- dance | G13: =' '!A256 -> Mesures possibles | H13: =' '!A257 -> Statut | I13: =COUNTIF(H13:H23,1) -> 1
B14: 1 | E14: 4 | F14: 1 | H14: 1 | I14: =COUNTIF(H14:H23,2) -> 0
B15: =$B14+1 -> 2 | E15: 4 | I15: =COUNTIF(H15:H24,3) -> 0
B16: =$B15+1 -> 3
B17: =$B16+1 -> 4
B18: =$B17+1 -> 5
B19: =$B18+1 -> 6
B20: =$B19+1 -> 7
B21: =$B20+1 -> 8
B22: =$B21+1 -> 9
B23: =$B22+1 -> 10
D24: =' '!$A$108 -> Somme | E24: =SUM(E14:E23) -> 8
C27: =' '!A258 -> Tendances économiques
B28: =B13 -> No. | C28: =C13 -> Désignation | D28: =D13 -> Impact | E28: =E13 -> Intensité de l'impact | F28: =F13 -> Ten- dance | G28: =G13 -> Mesures possibles | H28: =H13 -> Statut | I28: =COUNTIF(H28:H38,1) -> 0
B29: 1 | E29: 2 | F29: 1 | H29: 3 | I29: =COUNTIF(H28:H38,2) -> 0
B30: =$B29+1 -> 2 | E30: 3 | I30: =COUNTIF(H28:H39,3) -> 1
B31: =$B30+1 -> 3
B32: =$B31+1 -> 4
B33: =$B32+1 -> 5
B34: =$B33+1 -> 6
B35: =$B34+1 -> 7
B36: =$B35+1 -> 8
B37: =$B36+1 -> 9
B38: =$B37+1 -> 10
D39: =' '!$A$108 -> Somme | E39: =SUM(E29:E38) -> 5
C42: =' '!A259 -> Tendances sociologiques
B43: =B13 -> No. | C43: =C13 -> Désignation | D43: =D13 -> Impact | E43: =E13 -> Intensité de l'impact | F43: =F13 -> Ten- dance | G43: =G13 -> Mesures possibles | H43: =H13 -> Statut | I43: =COUNTIF(H43:H53,1) -> 1
B44: 1 | E44: 2 | F44: 1 | H44: 1 | I44: =COUNTIF(H43:H53,2) -> 0
B45: =$B44+1 -> 2 | I45: =COUNTIF(H43:H54,3) -> 0
B46: =$B45+1 -> 3
B47: =$B46+1 -> 4
B48: =$B47+1 -> 5
B49: =$B48+1 -> 6
B50: =$B49+1 -> 7
B51: =$B50+1 -> 8
B52: =$B51+1 -> 9
B53: =$B52+1 -> 10
D54: =' '!$A$108 -> Somme | E54: =SUM(E44:E53) -> 2
C57: =' '!A260 -> Tendances technologiques
B58: =B13 -> No. | C58: =C13 -> Désignation | D58: =D13 -> Impact | E58: =E13 -> Intensité de l'impact | F58: =F13 -> Ten- dance | G58: =G13 -> Mesures possibles | H58: =H13 -> Statut | I58: =COUNTIF(H58:H68,1) -> 1
B59: 1 | E59: 3 | F59: 1 | H59: 1 | I59: =COUNTIF(H58:H68,2) -> 0
B60: =$B59+1 -> 2 | I60: =COUNTIF(H58:H69,3) -> 0
B61: =$B60+1 -> 3
B62: =$B61+1 -> 4
B63: =$B62+1 -> 5
B64: =$B63+1 -> 6
B65: =$B64+1 -> 7
B66: =$B65+1 -> 8
B67: =$B66+1 -> 9
B68: =$B67+1 -> 10
D69: =' '!$A$108 -> Somme | E69: =SUM(E59:E68) -> 3
C72: =' '!A261 -> Tendances légales
B73: =B13 -> No. | C73: =C13 -> Désignation | D73: =D13 -> Impact | E73: =E13 -> Intensité de l'impact | F73: =F13 -> Ten- dance | G73: =G13 -> Mesures possibles | H73: =H13 -> Statut | I73: =COUNTIF(H73:H83,1) -> 1
B74: 1 | C74: Conditions d'admission | D74: Plus restrictives | E74: 1 | F74: 1 | G74: Intervention politique | H74: 1 | I74: =COUNTIF(H73:H83,2) -> 0
B75: =$B74+1 -> 2 | I75: =COUNTIF(H73:H84,3) -> 0
B76: =$B75+1 -> 3
B77: =$B76+1 -> 4
B78: =$B77+1 -> 5
B79: =$B78+1 -> 6
B80: =$B79+1 -> 7
B81: =$B80+1 -> 8
B82: =$B81+1 -> 9
B83: =$B82+1 -> 10
D84: =' '!$A$108 -> Somme | E84: =SUM(E74:E83) -> 1
C87: =' '!A262 -> Tendances écologiques
B88: =B13 -> No. | C88: =C13 -> Désignation | D88: =D13 -> Impact | E88: =E13 -> Intensité de l'impact | F88: =F13 -> Ten- dance | G88: =G13 -> Mesures possibles | H88: =H13 -> Statut | I88: =COUNTIF(H88:H98,1) -> 0
B89: 1 | E89: 2 | F89: 1 | H89: 3 | I89: =COUNTIF(H88:H98,2) -> 0
B90: =$B89+1 -> 2 | E90: 4 | I90: =COUNTIF(H88:H99,3) -> 1
B91: =$B90+1 -> 3 | E91: 3
B92: =$B91+1 -> 4
B93: =$B92+1 -> 5
B94: =$B93+1 -> 6
B95: =$B94+1 -> 7
B96: =$B95+1 -> 8
B97: =$B96+1 -> 9
B98: =$B97+1 -> 10
B99: © iManagement • www.2iManagement.ch | D99: =' '!$A$108 -> Somme | E99: =SUM(E89:E98) -> 9

Sheet SGE
B1: =' '!A375 -> D O M A I N E D' A C T I V I T É S T R A T É G I Q U E (DAS)
B4: =' '!A65 -> No. | C4: =' '!A377 -> DAS | D4: =' '!A378 -> Effets de synergies | E4: =' '!A379 -> Segments du marché | F4: =' '!A380 -> Indépendance | G4: =' '!A72 -> Statut
B5: 1 | F5: 5 | G5: 1
B6: 2
B7: 3
B8: 4
B9: 5
B10: 6
B11: 7
B12: 8
B13: 9
B14: 10
B16: © iManagement • s.imboden • www.2iManagement.ch

Sheet Marketing
B1: =' '!A519 -> M A R K E T I N G
B22: © iManagement • s.imboden • www.2iManagement.ch

Sheet Portfolio
B1: =' '!A109 -> M A T R I C E B C G
B33: =' '!A65 -> No. | C33: =' '!A121 -> Produit | D33: =' '!A112 -> Chiffre d'affaires | E33: =' '!A113 -> Croissance du marché | F33: =' '!A111 -> Part de marché relative | H33: =' '!A115 -> Remarques
B34: 1 | C34: =IF(Produkte!C5<>"",Produkte!C5,"") -> Product 1 | D34: 2 | E34: 6 | F34: 4
B35: 2 | C35: =IF(Produkte!C6<>"",Produkte!C6,"") -> Product 2 | D35: 1 | E35: 8 | F35: 8
B36: 3 | C36: =IF(Produkte!C7<>"",Produkte!C7,"")
B37: 4 | C37: =IF(Produkte!C8<>"",Produkte!C8,"")
B38: 5 | C38: =IF(Produkte!C9<>"",Produkte!C9,"")
B39: 6 | C39: =IF(Produkte!C10<>"",Produkte!C10,"")
B40: 7 | C40: =IF(Produkte!C11<>"",Produkte!C11,"")
B41: 8 | C41: =IF(Produkte!C12<>"",Produkte!C12,"")
B42: 9 | C42: =IF(Produkte!C13<>"",Produkte!C13,"")
B43: 10 | C43: =IF(Produkte!C14<>"",Produkte!C14,"")
B44: © iManagement - s.imboden
B47: =' '!A124 -> M A T R I C E M c K I N S E Y
B50: =' '!A65 -> No. | C50: =' '!A121 -> Produit | D50: =' '!A112 -> Chiffre d'affaires | E50: =' '!A126 -> Position concurrentielle | F50: =' '!A125 -> Attrait du marché | H50: =' '!A115 -> Remarques
B51: 1 | C51: =C34 -> Product 1 | D51: 1 | E51: 3 | F51: 3
B52: 2 | C52: =C35 -> Product 2 | D52: 2 | E52: 6 | F52: 7
B53: 3 | C53: =C36
B54: 4 | C54: =C37
B55: 5 | C55: =C38
B56: 6 | C56: =C39
B57: 7 | C57: =C40
B58: 8 | C58: =C41
B59: 9 | C59: =C42
B60: 10 | C60: =C43
B98: © iManagement • s.imboden • www.2iManagement.ch

Sheet Lebenszyklus
B1: =' '!A521 -> C Y C L E D E V I E
C34: © iManagement • s.imboden • www.2iManagement.ch

Sheet Benchmark
B1: =' '!A293 -> B E N C H M A R K I N G
B3: =' '!A294 -> Statut | C3: =' '!A295 -> No. | D3: =' '!A296 -> Objets de comparaison | E3: =' '!A298 -> Nous | F3: =' '!A299 -> Concurrence | I3: =' '!A297 -> Propositions d'amélioration
E4: l | F4: u
B5: =ABS(E5-F5) -> 2 | C5: 1 | E5: 1 | F5: 3
B6: =ABS(E6-F6) -> 0 | C6: 2 | E6: 0 | F6: 0
B7: =ABS(E7-F7) -> 0 | C7: 3 | E7: 0 | F7: 0
B8: =ABS(E8-F8) -> 0 | C8: 4 | E8: 0 | F8: 0
B9: =ABS(E9-F9) -> 0 | C9: 5 | E9: 0 | F9: 0
B10: =ABS(E10-F10) -> 0 | C10: 6 | E10: 0 | F10: 0
B11: =ABS(E11-F11) -> 0 | C11: 7 | E11: 0 | F11: 0
B12: =ABS(E12-F12) -> 0 | C12: 8 | E12: 0 | F12: 0
B13: =ABS(E13-F13) -> 0 | C13: 9 | E13: 0 | F13: 0
B14: =ABS(E14-F14) -> 0 | C14: 10 | E14: 0 | F14: 0
B15: =ABS(E15-F15) -> 0 | C15: 11 | E15: 0 | F15: 0
B16: =ABS(E16-F16) -> 0 | C16: 12 | E16: 0 | F16: 0
... B34: =ABS(E34-F34) -> 0 | C34: 30 | E34: 0 | F34: 0
B35: © iManagement • s.imboden • www.2iManagement.ch

Sheet Kommunikation
B1: =' '!A533 -> C O M M U N I C A T I O N
A4: x!A192
B7: =' '!A534 -> Publicité
B8: =' '!A548 -> No. | C8: =' '!A547 -> Désignation | D8: =' '!A544 -> en % | E8: =' '!A549 -> Forces principales | F8: =' '!A550 -> Faiblesses principales | G8: =' '!A543 -> Impact | H8: =' '!A545 -> Remarques | I8: =' '!A546 -> Statut
B9: 1 | G9: 3 | I9: 2 | J9: =IF(G9=0,0.1,G9) -> 3
B10: 2 | G10: 4 | J10: =IF(G10=0,0.1,G10) -> 4
B11: 3 | G11: 3 | J11: =IF(G11=0,0.1,G11) -> 3
B12: 4 | J12: =IF(G12=0,0.1,G12) -> 0.1
B13: 5 | J13: =IF(G13=0,0.1,G13) -> 0.1
B14: 6 | J14: =IF(G14=0,0.1,G14) -> 0.1
B15: 7 | J15: =IF(G15=0,0.1,G15) -> 0.1
B16: 8 | J16: =IF(G16=0,0.1,G16) -> 0.1
B17: 9 | J17: =IF(G17=0,0.1,G17) -> 0.1
B18: 10 | J18: =IF(G18=0,0.1,G18) -> 0.1
C19: TOTAL | D19: =SUM(D9:D18) -> 0
B21: =' '!A542 -> Promotion des ventes
B22: =$B$8 -> No. | C22: =$C$8 -> Désignation | D22: =$D$8 -> en % | E22: =$E$8 -> Forces principales | F22: =$F$8 -> Faiblesses principales | G22: =$G$8 -> Impact | H22: =H8 -> Remarques | I22: =$I$8 -> Statut
B23: 1 | D23: 0.8 | G23: 3 | I23: 2 | J23: =IF(G23=0,0.1,G23) -> 3
B24: 2 | D24: 0.01 | G24: 2 | J24: =IF(G24=0,0.1,G24) -> 2
B25: 3 | D25: 0.03 | G25: 4 | J25: =IF(G25=0,0.1,G25) -> 4
B26: 4 | D26: 0.02 | G26: 3 | J26: =IF(G26=0,0.1,G26) -> 3
B27: 5 | D27: 0.05 | G27: 2 | J27: =IF(G27=0,0.1,G27) -> 2
B28: 6 | D28: 0.05 | G28: 3 | J28: =IF(G28=0,0.1,G28) -> 3
B29: 7 | D29: 0.02 | G29: 3 | J29: =IF(G29=0,0.1,G29) -> 3
B30: 8 | D30: 0.02 | G30: 3 | J30: =IF(G30=0,0.1,G30) -> 3
B31: 9 | G31: 2 | J31: =IF(G31=0,0.1,G31) -> 2
B32: 10 | G32: 2 | J32: =IF(G32=0,0.1,G32) -> 2
C33: TOTAL | D33: =SUM(D23:D32) -> 1
B35: =' '!A536 -> Vente personnelle
B36: =$B$8 -> No. | C36: =$C$8 -> Désignation | D36: =$D$8 -> en % | E36: =$E$8 -> Forces principales | F36: =$F$8 -> Faiblesses principales | G36: =$G$8 -> Impact | H36: =H22 -> Remarques | I36: =$I$8 -> Statut
B37: 1 | G37: 3 | I37: 2 | J37: =IF(G37=0,0.1,G37) -> 3
B38: 2 | G38: 1 | J38: =IF(G38=0,0.1,G38) -> 1
B39: 3 | J39: =IF(G39=0,0.1,G39) -> 0.1
B40: 4 | J40: =IF(G40=0,0.1,G40) -> 0.1
B41: 5 | J41: =IF(G41=0,0.1,G41) -> 0.1
B42: 6 | J42: =IF(G42=0,0.1,G42) -> 0.1
B43: 7 | J43: =IF(G43=0,0.1,G43) -> 0.1
B44: 8 | J44: =IF(G44=0,0.1,G44) -> 0.1
B45: 9 | J45: =IF(G45=0,0.1,G45) -> 0.1
B46: 10 | J46: =IF(G46=0,0.1,G46) -> 0.1
C47: TOTAL | D47: =SUM(D37:D46) -> 0
B49: =' '!A537 -> Internet
B50: =$B$8 -> No. | C50: =$C$8 -> Désignation | D50: =$D$8 -> en % | E50: =$E$8 -> Forces principales | F50: =$F$8 -> Faiblesses principales | G50: =$G$8 -> Impact | H50: =H36 -> Remarques | I50: =$I$8 -> Statut
B51: 1 | G51: 3 | I51: 2 | J51: =IF(G51=0,0.1,G51) -> 3
B52: 2 | G52: 1 | J52: =IF(G52=0,0.1,G52) -> 1
B53: 3 | G53: 2 | J53: =IF(G53=0,0.1,G53) -> 2
B54: 4 | G54: 2 | J54: =IF(G54=0,0.1,G54) -> 2
B55: 5 | J55: =IF(G55=0,0.1,G55) -> 0.1
B56: 6 | J56: =IF(G56=0,0.1,G56) -> 0.1
B57: 7 | J57: =IF(G57=0,0.1,G57) -> 0.1
B58: 8 | J58: =IF(G58=0,0.1,G58) -> 0.1
B59: 9 | J59: =IF(G59=0,0.1,G59) -> 0.1
B60: 10 | J60: =IF(G60=0,0.1,G60) -> 0.1
C61: TOTAL | D61: =SUM(D51:D60) -> 0
B63: =' '!A538 -> Social Medias
B64: =$B$8 -> No. | C64: =$C$8 -> Désignation | D64: =$D$8 -> en % | E64: =$E$8 -> Forces principales | F64: =$F$8 -> Faiblesses principales | G64: =$G$8 -> Impact | H64: =H50 -> Remarques | I64: =$I$8 -> Statut
B65: 1 | G65: 4 | I65: 2 | J65: =IF(G65=0,0.1,G65) -> 4
B66: 2 | G66: 1 | J66: =IF(G66=0,0.1,G66) -> 1
B67: 3 | J67: =IF(G67=0,0.1,G67) -> 0.1
B68: 4 | J68: =IF(G68=0,0.1,G68) -> 0.1
B69: 5 | J69: =IF(G69=0,0.1,G69) -> 0.1
B70: 6 | J70: =IF(G70=0,0.1,G70) -> 0.1
B71: 7 | J71: =IF(G71=0,0.1,G71) -> 0.1
B72: 8 | J72: =IF(G72=0,0.1,G72) -> 0.1
B73: 9 | J73: =IF(G73=0,0.1,G73) -> 0.1
B74: 10 | J74: =IF(G74=0,0.1,G74) -> 0.1
C75: TOTAL | D75: =SUM(D65:D74) -> 0
B77: =' '!A539 -> Marketing direct
B78: =$B$8 -> No. | C78: =$C$8 -> Désignation | D78: =$D$8 -> en % | E78: =$E$8 -> Forces principales | F78: =$F$8 -> Faiblesses principales | G78: =$G$8 -> Impact | H78: =H64 -> Remarques | I78: =$I$8 -> Statut
B79: 1 | G79: 1 | I79: 2 | J79: =IF(G79=0,0.1,G79) -> 1
B80: 2 | G80: 3 | J80: =IF(G80=0,0.1,G80) -> 3
B81: 3 | J81: =IF(G81=0,0.1,G81) -> 0.1
B82: 4 | J82: =IF(G82=0,0.1,G82) -> 0.1
B83: 5 | J83: =IF(G83=0,0.1,G83) -> 0.1
B84: 6 | J84: =IF(G84=0,0.1,G84) -> 0.1
B85: 7 | J85: =IF(G85=0,0.1,G85) -> 0.1
B86: 8 | J86: =IF(G86=0,0.1,G86) -> 0.1
B87: 9 | J87: =IF(G87=0,0.1,G87) -> 0.1
B88: 10 | J88: =IF(G88=0,0.1,G88) -> 0.1
C89: TOTAL | D89: =SUM(D79:D88) -> 0
B91: =' '!A540 -> Relations publiques
B92: =$B$8 -> No. | C92: =$C$8 -> Désignation | D92: =$D$8 -> en % | E92: =$E$8 -> Forces principales | F92: =$F$8 -> Faiblesses principales | G92: =$G$8 -> Impact | H92: =H78 -> Remarques | I92: =$I$8 -> Statut
B93: 1 | G93: 3 | I93: 2 | J93: =IF(G93=0,0.1,G93) -> 3
B94: 2 | G94: 1 | J94: =IF(G94=0,0.1,G94) -> 1
B95: 3 | G95: 3 | J95: =IF(G95=0,0.1,G95) -> 3
B96: 4 | J96: =IF(G96=0,0.1,G96) -> 0.1
B97: 5 | J97: =IF(G97=0,0.1,G97) -> 0.1
B98: 6 | J98: =IF(G98=0,0.1,G98) -> 0.1
B99: 7 | J99: =IF(G99=0,0.1,G99) -> 0.1
B100: 8 | J100: =IF(G100=0,0.1,G100) -> 0.1
B101: 9 | J101: =IF(G101=0,0.1,G101) -> 0.1
B102: 10 | J102: =IF(G102=0,0.1,G102) -> 0.1
C103: TOTAL | D103: =SUM(D93:D102) -> 0
B105: =' '!A541 -> Divers
B106: =$B$8 -> No. | C106: =$C$8 -> Désignation | D106: =$D$8 -> en % | E106: =$E$8 -> Forces principales | F106: =$F$8 -> Faiblesses principales | G106: =$G$8 -> Impact | H106: =H92 -> Remarques | I106: =$I$8 -> Statut
B107: 1 | G107: 3 | I107: 2 | J107: =IF(G107=0,0.1,G107) -> 3
B108: 2 | G108: 3 | J108: =IF(G108=0,0.1,G108) -> 3
B109: 3 | G109: 4 | J109: =IF(G109=0,0.1,G109) -> 4
B110: 4 | J110: =IF(G110=0,0.1,G110) -> 0.1
B111: 5 | J111: =IF(G111=0,0.1,G111) -> 0.1
...

Sheet Marketingmix
B1: =' '!A552 -> M I X - M A R K E T I N G
B5: =' '!A548 -> No. | C5: =' '!A553 -> Politique de produit | G5: =B5 -> No. | H5: =' '!A554 -> Politique de prix
B7: 1 | E7: =' '!A557 -> Quelles sont les caractéristiques du produit / service ? | G7: 1
B8: 2 | G8: 2
B9: 3 | G9: 3
B10: 4 | G10: 4
B11: 5 | G11: 5
B12: 6 | G12: 6
B13: 7 | G13: 7
B14: 8 | E14: =' '!A558 -> Quel prix mes clients sont prêts à payer? | G14: 8
B15: 9 | G15: 9
B16: 10 | G16: 10
B19: =B5 -> No. | C19: =' '!A555 -> Politique de distribution | G19: =B5 -> No. | H19: =' '!A556 -> Politique de communication
B21: 1 | E21: =' '!A559 -> Comment puis-je vendre le mieux mon produit / service? | G21: 1
B22: 2 | E22: Wie vertreibe ich das Produkt/ Dienstleistung am besten? | G22: 2
B23: 3 | G23: 3
B24: 4 | G24: 4
B25: 5 | G25: 5
B26: 6 | G26: 6
B27: 7 | G27: 7
B28: 8 | E28: =' '!A560 -> Comment puis-je communiquer le mieux avec mes clients? | G28: 8
B29: 9 | G29: 9
B30: 10 | G30: 10
B32: © iManagement • s.imboden • www.2iManagement.ch

Sheet Matrix
B1: =' '!A569 -> M A T R I C E D E C O M P A R A I S O N
D4: =E15 -> Idee 1 | E4: =G15 -> Idee 2 | F4: =I15 -> Idee 3 | G4: =K15 -> Idee 4 | H4: =M15 -> Idee 5 | I4: =O15 -> Idee 6
C5: =C17 -> Kriterium 1 | D5: =F17 -> 100 | E5: =H17 -> 40 | F5: =J17 -> 40 | G5: =L17 -> 40 | H5: =N17 -> 40 | I5: =P17 -> 40
C6: =C18 -> Kriterium 2 | D6: =F18 -> 25 | E6: =H18 -> 25 | F6: =J18 -> 25 | G6: =L18 -> 25 | H6: =N18 -> 25 | I6: =P18 -> 25
C7: =C19 -> Kriterium 3 | D7: =F19 -> 25 | E7: =H19 -> 25 | F7: =J19 -> 25 | G7: =L19 -> 25 | H7: =N19 -> 25 | I7: =P19 -> 25
C8: =C20 -> Kriterium 4 | D8: =F20 -> 81 | E8: =H20 -> 81 | F8: =J20 -> 54 | G8: =L20 -> 36 | H8: =N20 -> 9 | I8: =P20 -> 18
C9: =C21 -> Kriterium 5 | D9: =F21 -> 16 | E9: =H21 -> 16 | F9: =J21 -> 16 | G9: =L21 -> 16 | H9: =N21 -> 16 | I9: =P21 -> 16
C10: =C22 -> Kriterium 6 | D10: =F22 -> 35 | E10: =H22 -> 30 | F10: =J22 -> 35 | G10: =L22 -> 30 | H10: =N22 -> 30 | I10: =P22 -> 30
A11: x!A192 | C11: =C23 -> Kriterium 7 | D11: =F23 -> 9 | E11: =H23 -> 9 | F11: =J23 -> 9 | G11: =L23 -> 9 | H11: =N23 -> 9 | I11: =P23 -> 27
C12: =C24 -> Kriterium 8 | D12: =F24 -> 20 | E12: =H24 -> 20 | F12: =J24 -> 20 | G12: =L24 -> 20 | H12: =N24 -> 20 | I12: =P24 -> 50
D15: =' '!A572 -> Pondération | E15: Idee 1 | G15: Idee 2 | I15: Idee 3 | K15: Idee 4 | M15: Idee 5 | O15: Idee 6
E16: =' '!A573 -> Evaluation | F16: =' '!A574 -> Totale | G16: =E16 -> Evaluation | H16: =F16 -> Totale | I16: =E16 -> Evaluation | J16: =F16 -> Totale | K16: =E16 -> Evaluation | L16: =F16 -> Totale | M16: =E16 -> Evaluation | N16: =F16 -> Totale | O16: =E16 -> Evaluation | P16: =F16 -> Totale
B17: 1 | C17: Kriterium 1 | D17: 10 | E17: 10 | F17: =E17*D17 -> 100 | G17: 4 | H17: =D17*G17 -> 40 | I17: 4 | J17: =D17*I17 -> 40 | K17: 4 | L17: =D17*K17 -> 40 | M17: 4 | N17: =D17*M17 -> 40 | O17: 4 | P17: =D17*O17 -> 40
B18: 2 | C18: Kriterium 2 | D18: 5 | E18: 5 | F18: =E18*D18 -> 25 | G18: 5 | H18: =D18*G18 -> 25 | I18: 5 | J18: =D18*I18 -> 25 | K18: 5 | L18: =D18*K18 -> 25 | M18: 5 | N18: =D18*M18 -> 25 | O18: 5 | P18: =D18*O18 -> 25
B19: 3 | C19: Kriterium 3 | D19: 5 | E19: 5 | F19: =E19*D19 -> 25 | G19: 5 | H19: =D19*G19 -> 25 | I19: 5 | J19: =D19*I19 -> 25 | K19: 5 | L19: =D19*K19 -> 25 | M19: 5 | N19: =D19*M19 -> 25 | O19: 5 | P19: =D19*O19 -> 25
B20: 4 | C20: Kriterium 4 | D20: 9 | E20: 9 | F20: =E20*D20 -> 81 | G20: 9 | H20: =D20*G20 -> 81 | I20: 6 | J20: =D20*I20 -> 54 | K20: 4 | L20: =D20*K20 -> 36 | M20: 1 | N20: =D20*M20 -> 9 | O20: 2 | P20: =D20*O20 -> 18
B21: 5 | C21: Kriterium 5 | D21: 4 | E21: 4 | F21: =E21*D21 -> 16 | G21: 4 | H21: =D21*G21 -> 16 | I21: 4 | J21: =D21*I21 -> 16 | K21: 4 | L21: =D21*K21 -> 16 | M21: 4 | N21: =D21*M21 -> 16 | O21: 4 | P21: =D21*O21 -> 16
B22: 6 | C22: Kriterium 6 | D22: 5 | E22: 7 | F22: =E22*D22 -> 35 | G22: 6 | H22: =D22*G22 -> 30 | I22: 7 | J22: =D22*I22 -> 35 | K22: 6 | L22: =D22*K22 -> 30 | M22: 6 | N22: =D22*M22 -> 30 | O22: 6 | P22: =D22*O22 -> 30
B23: 7 | C23: Kriterium 7 | D23: 3 | E23: 3 | F23: =E23*D23 -> 9 | G23: 3 | H23: =D23*G23 -> 9 | I23: 3 | J23: =D23*I23 -> 9 | K23: 3 | L23: =D23*K23 -> 9 | M23: 3 | N23: =D23*M23 -> 9 | O23: 9 | P23: =D23*O23 -> 27
B24: 8 | C24: Kriterium 8 | D24: 5 | E24: 4 | F24: =E24*D24 -> 20 | G24: 4 | H24: =D24*G24 -> 20 | I24: 4 | J24: =D24*I24 -> 20 | K24: 4 | L24: =D24*K24 -> 20 | M24: 4 | N24: =D24*M24 -> 20 | O24: 10 | P24: =D24*O24 -> 50
C25: =' '!A574 -> Totale | F25: =SUM(F17:F24) -> 311 | H25: =SUM(H17:H24) -> 246 | J25: =SUM(J17:J24) -> 224 | L25: =SUM(L17:L24) -> 201 | N25: =SUM(N17:N24) -> 174 | P25: =SUM(P17:P24) -> 231
B26: © iManagement • s.imboden • www.2iManagement.ch

Sheet Swot-Analyse
B1: =' '!A300 -> A N A L Y S E S W O T
C5: =' '!A306 -> Forces | P5: =' '!A307 -> Faiblesses
B7: s1 | D7: 1 | E7: =IF(D7=5,"❺","") | F7: =IF(D7=4,"❹","") | G7: =IF(D7=3,"❸","") | H7: =IF(D7=2,"❷","") | I7: =IF(D7=1,"❶","") -> ❶ | J7: =IF(Q7=-1,"❶","") -> ❶ | K7: =IF(Q7=-2,"❷","") | L7: =IF(Q7=-3,"❸","") | M7: =IF(Q7=-4,"❹","") | N7: =IF(Q7=-5,"❺","") | O7: w1 | Q7: -1
B8: s2 | D8: 3 | E8: =IF(D8=5,"❺","") | F8: =IF(D8=4,"❹","") | G8: =IF(D8=3,"❸","") -> ❸ | H8: =IF(D8=2,"❷","") | I8: =IF(D8=1,"❶","") | J8: =IF(Q8=-1,"❶","") | K8: =IF(Q8=-2,"❷","") | L8: =IF(Q8=-3,"❸","") -> ❸ | M8: =IF(Q8=-4,"❹","") | N8: =IF(Q8=-5,"❺","") | O8: w2 | Q8: -3
B9: s3 | E9: =IF(D9=5,"❺","") | F9: =IF(D9=4,"❹","") | G9: =IF(D9=3,"❸","") | H9: =IF(D9=2,"❷","") | I9: =IF(D9=1,"❶","") | J9: =IF(Q9=-1,"❶","") | K9: =IF(Q9=-2,"❷","") | L9: =IF(Q9=-3,"❸","") | M9: =IF(Q9=-4,"❹","") | N9: =IF(Q9=-5,"❺","") | O9: w3
B10: s4 | E10: =IF(D10=5,"❺","") | F10: =IF(D10=4,"❹","") | G10: =IF(D10=3,"❸","") | H10: =IF(D10=2,"❷","") | I10: =IF(D10=1,"❶","") | J10: =IF(Q10=-1,"❶","") | K10: =IF(Q10=-2,"❷","") | L10: =IF(Q10=-3,"❸","") | M10: =IF(Q10=-4,"❹","") | N10: =IF(Q10=-5,"❺","") | O10: w4
B11: s5 | E11: =IF(D11=5,"❺","") | F11: =IF(D11=4,"❹","") | G11: =IF(D11=3,"❸","") | H11: =IF(D11=2,"❷","") | I11: =IF(D11=1,"❶","") | J11: =IF(Q11=-1,"❶","") | K11: =IF(Q11=-2,"❷","") | L11: =IF(Q11=-3,"❸","") | M11: =IF(Q11=-4,"❹","") | N11: =IF(Q11=-5,"❺","") | O11: w5
B12: s6 | E12: =IF(D12=5,"❺","") | F12: =IF(D12=4,"❹","") | G12: =IF(D12=3,"❸","") | H12: =IF(D12=2,"❷","") | I12: =IF(D12=1,"❶","") | J12: =IF(Q12=-1,"❶","") | K12: =IF(Q12=-2,"❷","") | L12: =IF(Q12=-3,"❸","") | M12: =IF(Q12=-4,"❹","") | N12: =IF(Q12=-5,"❺","") | O12: w6
B13: s7 | E13: =IF(D13=5,"❺","") | F13: =IF(D13=4,"❹","") | G13: =IF(D13=3,"❸","") | H13: =IF(D13=2,"❷","") | I13: =IF(D13=1,"❶","") | J13: =IF(Q13=-1,"❶","") | K13: =IF(Q13=-2,"❷","") | L13: =IF(Q13=-3,"❸","") | M13: =IF(Q13=-4,"❹","") | N13: =IF(Q13=-5,"❺","") | O13: w7
B14: s8 | E14: =IF(D14=5,"❺","") | F14: =IF(D14=4,"❹","") | G14: =IF(D14=3,"❸","") | H14: =IF(D14=2,"❷","") | I14: =IF(D14=1,"❶","") | J14: =IF(Q14=-1,"❶","") | K14: =IF(Q14=-2,"❷","") | L14: =IF(Q14=-3,"❸","") | M14: =IF(Q14=-4,"❹","") | N14: =IF(Q14=-5,"❺","") | O14: w8
B15: s9 | E15: =IF(D15=5,"❺","") | F15: =IF(D15=4,"❹","") | G15: =IF(D15=3,"❸","") | H15: =IF(D15=2,"❷","") | I15: =IF(D15=1,"❶","") | J15: =IF(Q15=-1,"❶","") | K15: =IF(Q15=-2,"❷","") | L15: =IF(Q15=-3,"❸","") | M15: =IF(Q15=-4,"❹","") | N15: =IF(Q15=-5,"❺","") | O15: w9
B16: s10 | E16: =IF(D16=5,"❺","") | F16: =IF(D16=4,"❹","") | G16: =IF(D16=3,"❸","") | H16: =IF(D16=2,"❷","") | I16: =IF(D16=1,"❶","") | J16: =IF(Q16=-1,"❶","") | K16: =IF(Q16=-2,"❷","") | L16: =IF(Q16=-3,"❸","") | M16: =IF(Q16=-4,"❹","") | N16: =IF(Q16=-5,"❺","") | O16: w10
B17: s11 | E17: =IF(D17=5,"❺","") | F17: =IF(D17=4,"❹","") | G17: =IF(D17=3,"❸","") | H17: =IF(D17=2,"❷","") | I17: =IF(D17=1,"❶","") | J17: =IF(Q17=-1,"❶","") | K17: =IF(Q17=-2,"❷","") | L17: =IF(Q17=-3,"❸","") | M17: =IF(Q17=-4,"❹","") | N17: =IF(Q17=-5,"❺","") | O17: w11
B18: s12 | E18: =IF(D18=5,"❺","") | F18: =IF(D18=4,"❹","") | G18: =IF(D18=3,"❸","") | H18: =IF(D18=2,"❷","") | I18: =IF(D18=1,"❶","") | J18: =IF(Q18=-1,"❶","") | K18: =IF(Q18=-2,"❷","") | L18: =IF(Q18=-3,"❸","") | M18: =IF(Q18=-4,"❹","") | N18: =IF(Q18=-5,"❺","") | O18: w12
B19: s13 | E19: =IF(D19=5,"❺","") | F19: =IF(D19=4,"❹","") | G19: =IF(D19=3,"❸","") | H19: =IF(D19=2,"❷","") | I19: =IF(D19=1,"❶","") | J19: =IF(Q19=-1,"❶","") | K19: =IF(Q19=-2,"❷","") | L19: =IF(Q19=-3,"❸","") | M19: =IF(Q19=-4,"❹","") | N19: =IF(Q19=-5,"❺","") | O19: w13
B20: s14 | E20: =IF(D20=5,"❺","") | F20: =IF(D20=4,"❹","") | G20: =IF(D20=3,"❸","") | H20: =IF(D20=2,"❷","") | I20: =IF(D20=1,"❶","") | J20: =IF(Q20=-1,"❶","") | K20: =IF(Q20=-2,"❷","") | L20: =IF(Q20=-3,"❸","") | M20: =IF(Q20=-4,"❹","") | N20: =IF(Q20=-5,"❺","") | O20: w14
... B26: s20 | E26: =IF(D26=5,"❺","") | F26: =IF(D26=4,"❹","") | G26: =IF(D26=3,"❸","") | H26: =IF(D26=2,"❷","") | I26: =IF(D26=1,"❶","") | J26: =IF(Q26=-1,"❶","") | K26: =IF(Q26=-2,"❷","") | L26: =IF(Q26=-3,"❸","") | M26: =IF(Q26=-4,"❹","") | N26: =IF(Q26=-5,"❺","") | O26: w20
C27: =' '!A308 -> Opportunités | E27: 5 | F27: 4 | G27: 3 | H27: 2 | I27: 1 | J27: -1 | K27: -2 | L27: -3 | M27: -4 | N27: -5 | P27: =' '!A309 -> Menaces
B28: o1 | D28: 1 | E28: =IF(D28=5,"❺","") | F28: =IF(D28=4,"❹","") | G28: =IF(D28=3,"❸","") | H28: =IF(D28=2,"❷","") | I28: =IF(D28=1,"❶","") -> ❶ | J28: =IF(Q28=-1,"❶","") | K28: =IF(Q28=-2,"❷","") | L28: =IF(Q28=-3,"❸","") | M28: =IF(Q28=-4,"❹","") | N28: =IF(Q28=-5,"❺","") | O28: t1
B29: o2 | D29: 3 | E29: =IF(D29=5,"❺","") | F29: =IF(D29=4,"❹","") | G29: =IF(D29=3,"❸","") -> ❸ | H29: =IF(D29=2,"❷","") | I29: =IF(D29=1,"❶","") | J29: =IF(Q29=-1,"❶","") | K29: =IF(Q29=-2,"❷","") | L29: =IF(Q29=-3,"❸","") | M29: =IF(Q29=-4,"❹","") | N29: =IF(Q29=-5,"❺","") | O29: t2
B30: o3 | E30: =IF(D30=5,"❺","") | F30: =IF(D30=4,"❹","") | G30: =IF(D30=3,"❸","") | H30: =IF(D30=2,"❷","") | I30: =IF(D30=1,"❶","") | J30: =IF(Q30=-1,"❶","") | K30: =IF(Q30=-2,"❷","") | L30: =IF(Q30=-3,"❸","") | M30: =IF(Q30=-4,"❹","") | N30: =IF(Q30=-5,"❺","") | O30: t3
B31: o4 | E31: =IF(D31=5,"❺","") | F31: =IF(D31=4,"❹","") | G31: =IF(D31=3,"❸","") | H31: =IF(D31=2,"❷","") | I31: =IF(D31=1,"❶","") | J31: =IF(Q31=-1,"❶","") | K31: =IF(Q31=-2,"❷","") | L31: =IF(Q31=-3,"❸","") | M31: =IF(Q31=-4,"❹","") | N31: =IF(Q31=-5,"❺","") | O31: t4
B32: o5 | E32: =IF(D32=5,"❺","") | F32: =IF(D32=4,"❹","") | G32: =IF(D32=3,"❸","") | H32: =IF(D32=2,"❷","") | I32: =IF(D32=1,"❶","") | J32: =IF(Q32=-1,"❶","") | K32: =IF(Q32=-2,"❷","") | L32: =IF(Q32=-3,"❸","") | M32: =IF(Q32=-4,"❹","") | N32: =IF(Q32=-5,"❺","") | O32: t5
B33: o6 | E33: =IF(D33=5,"❺","") | F33: =IF(D33=4,"❹","") | G33: =IF(D33=3,"❸","") | H33: =IF(D33=2,"❷","") | I33: =IF(D33=1,"❶","") | J33: =IF(Q33=-1,"❶","") | K33: =IF(Q33=-2,"❷","") | L33: =IF(Q33=-3,"❸","") | M33: =IF(Q33=-4,"❹","") | N33: =IF(Q33=-5,"❺","") | O33: t6
B34: o7 | E34: =IF(D34=5,"❺","") | F34: =IF(D34=4,"❹","") | G34: =IF(D34=3,"❸","") | H34: =IF(D34=2,"❷","") | I34: =IF(D34=1,"❶","") | J34: =IF(Q34=-1,"❶","") | K34: =IF(Q34=-2,"❷","") | L34: =IF(Q34=-3,"❸","") | M34: =IF(Q34=-4,"❹","") | N34: =IF(Q34=-5,"❺","") | O34: t7
B35: o8 | E35: =IF(D35=5,"❺","") | F35: =IF(D35=4,"❹","") | G35: =IF(D35=3,"❸","") | H35: =IF(D35=2,"❷","") | I35: =IF(D35=1,"❶","") | J35: =IF(Q35=-1,"❶","") | K35: =IF(Q35=-2,"❷","") | L35: =IF(Q35=-3,"❸","") | M35: =IF(Q35=-4,"❹","") | N35: =IF(Q35=-5,"❺","") | O35: t8
B36: o9 | E36: =IF(D36=5,"❺","") | F36: =IF(D36=4,"❹","") | G36: =IF(D36=3,"❸","") | H36: =IF(D36=2,"❷","") | I36: =IF(D36=1,"❶","") | J36: =IF(Q36=-1,"❶","") | K36: =IF(Q36=-2,"❷","") | L36: =IF(Q36=-3,"❸","") | M36: =IF(Q36=-4,"❹","") | N36: =IF(Q36=-5,"❺","") | O36: t9
B37: o10 | E37: =IF(D37=5,"❺","") | F37: =IF(D37=4,"❹","") | G37: =IF(D37=3,"❸","") | H37: =IF(D37=2,"❷","") | I37: =IF(D37=1,"❶","") | J37: =IF(Q37=-1,"❶","") | K37: =IF(Q37=-2,"❷","") | L37: =IF(Q37=-3,"❸","") | M37: =IF(Q37=-4,"❹","") | N37: =IF(Q37=-5,"❺","") | O37: t10
B38: o11 | E38: =IF(D38=5,"❺","") | F38: =IF(D38=4,"❹","") | G38: =IF(D38=3,"❸","") | H38: =IF(D38=2,"❷","") | I38: =IF(D38=1,"❶","") | J38: =IF(Q38=-1,"❶","") | K38: =IF(Q38=-2,"❷","") | L38: =IF(Q38=-3,"❸","") | M38: =IF(Q38=-4,"❹","") | N38: =IF(Q38=-5,"❺","") | O38: t11
B39: o12 | E39: =IF(D39=5,"❺","") | F39: =IF(D39=4,"❹","") | G39: =IF(D39=3,"❸","") | H39: =IF(D39=2,"❷","") | I39: =IF(D39=1,"❶","") | J39: =IF(Q39=-1,"❶","") | K39: =IF(Q39=-2,"❷","") | L39: =IF(Q39=-3,"❸","") | M39: =IF(Q39=-4,"❹","") | N39: =IF(Q39=-5,"❺","") | O39: t12
B40: o13 | E40: =IF(D40=5,"❺","") | F40: =IF(D40=4,"❹","") | G40: =IF(D40=3,"❸","") | H40: =IF(D40=2,"❷","") | I40: =IF(D40=1,"❶","") | J40: =IF(Q40=-1,"❶","") | K40: =IF(Q40=-2,"❷","") | L40: =IF(Q40=-3,"❸","") | M40: =IF(Q40=-4,"❹","") | N40: =IF(Q40=-5,"❺","") | O40: t13
B41: o14 | E41: =IF(D41=5,"❺","") | F41: =IF(D41=4,"❹","") | G41: =IF(D41=3,"❸","") | H41: =IF(D41=2,"❷","") | I41: =IF(D41=1,"❶","") | J41: =IF(Q41=-1,"❶","") | K41: =IF(Q41=-2,"❷","") | L41: =IF(Q41=-3,"❸","") | M41: =IF(Q41=-4,"❹","") | N41: =IF(Q41=-5,"❺","") | O41: t14
... B47: o20 | E47: =IF(D47=5,"❺","") | F47: =IF(D47=4,"❹","") | G47: =IF(D47=3,"❸","") | H47: =IF(D47=2,"❷","") | I47: =IF(D47=1,"❶","") | J47: =IF(Q47=-1,"❶","") | K47: =IF(Q47=-2,"❷","") | L47: =IF(Q47=-3,"❸","") | M47: =IF(Q47=-4,"❹","") | N47: =IF(Q47=-5,"❺","") | O47: t20
B48: © iManagement • s.imboden • www.2iManagement.ch

Sheet Risikomgmt
B1: =' '!A275 -> G E S T I O N D U R I S Q U E
B4: =' '!A284 -> No. | C4: =' '!A285 -> Risque | D4: =' '!A288 -> Étendue des dommages | E4: =' '!A287 -> Probabilité d'occurrence | F4: =' '!A286 -> Impact | G4: =' '!A289 -> Ten- dance | H4: =' '!A290 -> Mesures possibles | I4: =' '!A291 -> Statut
B5: R1 | C5: Risk 1 | D5: 6 | E5: 9 | G5: 2 | J5: 1
B6: R2 | C6: Risk 2 | D6: 3 | E6: 5 | G6: 1 | J6: 1
B7: R3 | J7: 1
B8: R4 | J8: 1
B9: R5 | J9: 1
B10: R6 | J10: 1
B11: R7 | J11: 1
B12: R8 | J12: 1
B13: R9 | J13: 1
B14: R10 | J14: 1
B15: R11 | J15: 1
B16: R12 | J16: 1
B17: R13 | J17: 1
B18: R14 | J18: 1
B19: R15 | J19: 1
B57: © iManagement • s.imboden • www.2iManagement.ch

Sheet Grobplan
B1: =' '!A562 -> P L A N I F I C A T I O N S O M M A I R E
B2: =' '!A567 -> Début calendrier | H2: ='Menu Toolbox'!$I$1 -> 0
B3: =TODAY() -> 46049 | I3: =YEAR(I7) -> 2026 | J3: =IF(YEAR(I7)=YEAR(J7),"",YEAR(I7)+1) | K3: =IF(YEAR(J7)=YEAR(K7),"",YEAR(J7)+1) | L3: =IF(YEAR(K7)=YEAR(L7),"",YEAR(K7)+1) | M3: =IF(YEAR(L7)=YEAR(M7),"",YEAR(L7)+1) | N3: =IF(YEAR(M7)=YEAR(N7),"",YEAR(M7)+1) | O3: =IF(YEAR(N7)=YEAR(O7),"",YEAR(N7)+1) | P3: =IF(YEAR(O7)=YEAR(P7),"",YEAR(O7)+1) | Q3: =IF(YEAR(P7)=YEAR(Q7),"",YEAR(P7)+1) | ... FL3: =IF(YEAR(FK7)=YEAR(FL7),"",YEAR(FK7)+1) | FM3: =YEAR(FL7) -> 2029
I4: =WEEKNUM(I7) -> 5 | J4: =WEEKNUM(J7) -> 6 | K4: =WEEKNUM(K7) -> 7 | L4: =WEEKNUM(L7) -> 8 | M4: =WEEKNUM(M7) -> 9 | N4: =WEEKNUM(N7) -> 10 | O4: =WEEKNUM(O7) -> 11 | P4: =WEEKNUM(P7) -> 12 | ... FM4: =WEEKNUM(FM7) -> 8
B5: Monat | H5: Oui | I5: =MONTH(I7) -> 1 | J5: =MONTH(J7) -> 2 | K5: =MONTH(K7) -> 2 | L5: =MONTH(L7) -> 2 | M5: =MONTH(M7) -> 2 | N5: =MONTH(N7) -> 3 | O5: =MONTH(O7) -> 3 | P5: =MONTH(P7) -> 3 | ... FM5: =MONTH(FM7) -> 2
B6: Ganzes Datum | I6: =I7 -> 46048 | J6: =J7 -> 46055 | K6: =K7 -> 46062 | L6: =L7 -> 46069 | M6: =M7 -> 46076 | N6: =N7 -> 46083 | O6: =O7 -> 46090 | P6: =P7 -> 46097 | ... FM6: =FM7 -> 47168
B7: =' '!A568 -> Tâches | C7: =' '!A563 -> Début | D7: =' '!A564 -> Fin | E7: 0 | F7: 0 | I7: =DATE(YEAR($B$3),MONTH($B$3),(DAY($B$3)+(2-WEEKDAY($B$3)))) -> 46048 | J7: =I7+7 -> 46055 | K7: =J7+7 -> 46062 | L7: =K7+7 -> 46069 | M7: =L7+7 -> 46076 | N7: =M7+7 -> 46083 | O7: =N7+7 -> 46090 | P7: =O7+7 -> 46097 | Q7: =P7+7 -> 46104 | ... FM7: =FL7+7 -> 47168
A8: 1 | B8: Tâche 1 | C8: =TODAY() -> 46049 | D8: =C8+14 -> 46063 | E8: 0 | F8: 1 | G8: 2 | H8: =IF(AND(ISNUMBER($C8),ISNUMBER($D8)),$D8-$C8+1,"") -> 15
A9: 2 | B9: Décision | C9: =C8 -> 46049 | D9: =C9 -> 46049 | E9: 1 | F9: 1 | G9: 1 | H9: =IF(AND(ISNUMBER($C9),ISNUMBER($D9)),$D9-$C9+1,"") -> 1
A10: 3 | F10: 3 | G10: 8 | H10: =IF(AND(ISNUMBER($C10),ISNUMBER($D10)),$D10-$C10+1,"")
A11: 4 | F11: 3 | H11: =IF(AND(ISNUMBER($C11),ISNUMBER($D11)),$D11-$C11+1,"")
A12: 5 | F12: 3 | H12: =IF(AND(ISNUMBER($C12),ISNUMBER($D12)),$D12-$C12+1,"")
A13: 6 | F13: 3 | H13: =IF(AND(ISNUMBER($C13),ISNUMBER($D13)),$D13-$C13+1,"") | J13: .
A14: 7 | F14: 3 | H14: =IF(AND(ISNUMBER($C14),ISNUMBER($D14)),$D14-$C14+1,"")
A15: 8 | F15: 3 | H15: =IF(AND(ISNUMBER($C15),ISNUMBER($D15)),$D15-$C15+1,"")
A16: 9 | F16: 3 | H16: =IF(AND(ISNUMBER($C16),ISNUMBER($D16)),$D16-$C16+1,"")
A17: 10 | F17: 3 | H17: =IF(AND(ISNUMBER($C17),ISNUMBER($D17)),$D17-$C17+1,"")
A18: 11 | F18: 3 | H18: =IF(AND(ISNUMBER($C18),ISNUMBER($D18)),$D18-$C18+1,"")
A19: 12 | F19: 3 | H19: =IF(AND(ISNUMBER($C19),ISNUMBER($D19)),$D19-$C19+1,"")
A20: 13 | F20: 3 | H20: =IF(AND(ISNUMBER($C20),ISNUMBER($D20)),$D20-$C20+1,"")
A21: 14 | F21: 3 | H21: =IF(AND(ISNUMBER($C21),ISNUMBER($D21)),$D21-$C21+1,"")
A22: 15 | F22: 3 | H22: =IF(AND(ISNUMBER($C22),ISNUMBER($D22)),$D22-$C22+1,"")
A23: 16 | F23: 3 | H23: =IF(AND(ISNUMBER($C23),ISNUMBER($D23)),$D23-$C23+1,"")
A24: 17 | F24: 3 | H24: =IF(AND(ISNUMBER($C24),ISNUMBER($D24)),$D24-$C24+1,"")
A25: 18 | F25: 3 | H25: =IF(AND(ISNUMBER($C25),ISNUMBER($D25)),$D25-$C25+1,"")
... A51: 44 | F51: 3 | H51: =IF(AND(ISNUMBER($C51),ISNUMBER($D51)),$D51-$C51+1,"")
B52: =' '!A566 -> Totale (jours à 8h) | G52: =(SUBTOTAL(9,G8:G51))/8 -> 1.375 | H52: =SUBTOTAL(9,H8:H51) -> 16
B53: © iManagement • s.imboden • www.2iManagement.ch

Sheet Potenzial
B1: =' '!A190 -> A N A L Y S E D U P O T E N T I E L
B3: x!A236 | F3: =' '!A193 -> Concurrence
C5: =' '!A194 -> No. | D5: =' '!A195 -> Facteur clé | H5: =' '!A196 -> Remarques
B6: =' '!A227 -> Distribution | C6: 1 | D6: =' '!A197 -> Produit, assortiment | E6: 1
C7: 2 | D7: =' '!A198 -> Prix, conditions | E7: 0
C8: 3 | D8: =' '!A199 -> Part du marché, croissance, structure | E8: -2
C9: 4 | D9: =' '!A200 -> Nom de marque, image de marque | E9: -1
C10: 5 | D10: =' '!A201 -> Organisation de la distribution | E10: 0
C11: 6 | D11: =' '!A202 -> Service clients | E11: 0
C12: 7 | D12: =' '!A203 -> Délais de livraison, respect des délais, fiabilité | E12: 0
B13: =' '!A228 -> Production | C13: 8 | D13: =' '!A204 -> Qualité | E13: 1
C14: 9 | D14: =' '!A205 -> Niveau de coût | E14: 0
C15: 10 | D15: =' '!A206 -> Modernité de l'équipement | E15: 2
C16: 11 | D16: =' '!A207 -> Productivité | E16: 1
C17: 12 | D17: =' '!A208 -> Pollution, consommation d'énergie | E17: 1
C18: 13 | D18: =' '!A209 -> Emplacement, logistique | E18: -1
B19: =' '!A229 -> Approvisionne. | C19: 14 | D19: =' '!A210 -> Pénuries d'approvisionnement | E19: 0
C20: 15 | D20: =' '!A211 -> Dépendance des prix | E20: 0
C21: 16 | D21: =' '!A212 -> Dépendance du taux de change | E21: 0
C22: 17 | D22: =' '!A213 -> Qualité des fournisseurs | E22: 0
B23: =' '!A230 -> R & D | C23: 18 | D23: =' '!A214 -> Innovation, brevets | E23: 0
C24: 19 | D24: =' '!A215 -> Savoir-faire | E24: 1
C25: 20 | D25: =' '!A216 -> Équipement | E25: 2
B26: =' '!A231 -> Personnel | C26: 21 | D26: =' '!A217 -> Motivation et engagement des collab. | E26: 2
C27: 22 | D27: =' '!A218 -> Outils de gestion, management | E27: -2
C28: 23 | D28: =' '!A219 -> Organisation "lean" et flexible | E28: 0
C29: 24 | D29: =' '!A220 -> Formation, qualification des collab. | E29: 0
C30: 25 | D30: =' '!A221 -> Pyramide des âges | E30: 1
C31: 26 | D31: =' '!A222 -> Taux de fluctuation, absentéisme | E31: 1
B32: =' '!A232 -> Administration | C32: 27 | D32: =' '!A223 -> Solidité financière, liquidité | E32: 1
C33: 28 | D33: =' '!A224 -> Emplacement, espaces à disposition | E33: 1
C34: 29 | D34: =' '!A225 -> Controlling | E34: 0
C35: 30 | D35: =' '!A226 -> Processus de décision | E35: 0
B36: © iManagement • s.imboden • www.2iManagement.ch

Sheet PESTLE
B1: =' '!A75 -> A N A L Y S E P E S T E L
C5: =' '!A76 -> Facteurs d'influence politique | D5: =E27 -> 3
C6: =' '!A84 -> Facteurs d'influence économique | D6: =E41 -> 2
C7: =' '!A85 -> Facteurs d'influence sociologique | D7: =E55 -> 3
C8: =' '!A86 -> Facteurs d'influence technologique | D8: =E69 -> 4
C9: =' '!A87 -> Facteurs d'influence écologique | D9: =E83 -> 1
C10: =' '!A88 -> Facteurs d'influence législative | D10: =E97 -> 1
C15: =' '!A76 -> Facteurs d'influence politique
B16: =' '!A77 -> No. | C16: =' '!A78 -> Facteurs d'influence | D16: =' '!A79 -> Impact | E16: =' '!A80 -> Intensité de l'impact | F16: =' '!A81 -> Ten- dance | G16: =' '!A82 -> Mesures possibles | H16: =' '!A83 -> Statut | I16: =COUNTIF(H16:H26,1) -> 1
B17: 1 | E17: 3 | F17: 2 | H17: 1 | I17: =COUNTIF(H17:H26,2) -> 0
B18: =$B17+1 -> 2 | I18: =COUNTIF(H18:H27,3) -> 0
B19: =$B18+1 -> 3
B20: =$B19+1 -> 4
B21: =$B20+1 -> 5
B22: =$B21+1 -> 6
B23: =$B22+1 -> 7
B24: =$B23+1 -> 8
B25: =$B24+1 -> 9
B26: =$B25+1 -> 10
D27: =' '!$A$108 -> Somme | E27: =SUM(E17:E26) -> 3
C29: =' '!A84 -> Facteurs d'influence économique
B30: =B16 -> No. | C30: =C16 -> Facteurs d'influence | D30: =D16 -> Impact | E30: =E16 -> Intensité de l'impact | F30: =F16 -> Ten- dance | G30: =G16 -> Mesures possibles | H30: =H16 -> Statut | I30: =COUNTIF(H30:H40,1) -> 0
B31: 1 | E31: 2 | F31: 1 | H31: 3 | I31: =COUNTIF(H30:H40,2) -> 1
B32: =$B31+1 -> 2 | H32: 2 | I32: =COUNTIF(H30:H41,3) -> 1
B33: =$B32+1 -> 3
B34: =$B33+1 -> 4
B35: =$B34+1 -> 5
B36: =$B35+1 -> 6
B37: =$B36+1 -> 7
B38: =$B37+1 -> 8
B39: =$B38+1 -> 9
B40: =$B39+1 -> 10
D41: =' '!$A$108 -> Somme | E41: =SUM(E31:E40) -> 2
C43: =' '!A85 -> Facteurs d'influence sociologique
B44: =B16 -> No. | C44: =C16 -> Facteurs d'influence | D44: =D16 -> Impact | E44: =E16 -> Intensité de l'impact | F44: =F16 -> Ten- dance | G44: =G16 -> Mesures possibles | H44: =H16 -> Statut | I44: =COUNTIF(H44:H54,1) -> 1
B45: 1 | E45: 3 | F45: 1 | H45: 1 | I45: =COUNTIF(H44:H54,2) -> 0
B46: =$B45+1 -> 2 | I46: =COUNTIF(H44:H55,3) -> 0
B47: =$B46+1 -> 3
B48: =$B47+1 -> 4
B49: =$B48+1 -> 5
B50: =$B49+1 -> 6
B51: =$B50+1 -> 7
B52: =$B51+1 -> 8
B53: =$B52+1 -> 9
B54: =$B53+1 -> 10
D55: =' '!$A$108 -> Somme | E55: =SUM(E45:E54) -> 3
C57: =' '!A86 -> Facteurs d'influence technologique
B58: =B16 -> No. | C58: =C16 -> Facteurs d'influence | D58: =D16 -> Impact | E58: =E16 -> Intensité de l'impact | F58: =F16 -> Ten- dance | G58: =G16 -> Mesures possibles | H58: =H16 -> Statut | I58: =COUNTIF(H58:H68,1) -> 1
B59: 1 | E59: 4 | F59: 1 | H59: 1 | I59: =COUNTIF(H58:H68,2) -> 0
B60: =$B59+1 -> 2 | I60: =COUNTIF(H58:H69,3) -> 0
B61: =$B60+1 -> 3
B62: =$B61+1 -> 4
B63: =$B62+1 -> 5
B64: =$B63+1 -> 6
B65: =$B64+1 -> 7
B66: =$B65+1 -> 8
B67: =$B66+1 -> 9
B68: =$B67+1 -> 10
D69: =' '!$A$108 -> Somme | E69: =SUM(E59:E68) -> 4
C71: =' '!A87 -> Facteurs d'influence écologique
B72: =B16 -> No. | C72: =C16 -> Facteurs d'influence | D72: =D16 -> Impact | E72: =E16 -> Intensité de l'impact | F72: =F16 -> Ten- dance | G72: =G16 -> Mesures possibles | H72: =H16 -> Statut | I72: =COUNTIF(H72:H82,1) -> 2
B73: 1 | E73: 1 | F73: 1 | H73: 1 | I73: =COUNTIF(H72:H82,2) -> 0
B74: =$B73+1 -> 2 | H74: 1 | I74: =COUNTIF(H72:H83,3) -> 0
B75: =$B74+1 -> 3
B76: =$B75+1 -> 4
B77: =$B76+1 -> 5
B78: =$B77+1 -> 6
B79: =$B78+1 -> 7
B80: =$B79+1 -> 8
B81: =$B80+1 -> 9
B82: =$B81+1 -> 10
D83: =' '!$A$108 -> Somme | E83: =SUM(E73:E82) -> 1
C85: =' '!A88 -> Facteurs d'influence législative
B86: =B16 -> No. | C86: =C16 -> Facteurs d'influence | D86: =D16 -> Impact | E86: =E16 -> Intensité de l'impact | F86: =F16 -> Ten- dance | G86: =G16 -> Mesures possibles | H86: =H16 -> Statut | I86: =COUNTIF(H86:H96,1) -> 0
B87: 1 | E87: 0 | F87: 1 | H87: 9 | I87: =COUNTIF(H86:H96,2) -> 0
B88: =$B87+1 -> 2 | E88: 1 | I88: =COUNTIF(H86:H98,3) -> 0
B89: =$B88+1 -> 3
B90: =$B89+1 -> 4
B91: =$B90+1 -> 5
B92: =$B91+1 -> 6
B93: =$B92+1 -> 7
B94: =$B93+1 -> 8
B95: =$B94+1 -> 9
B96: =$B95+1 -> 10
B97: © iManagement • s.imboden • www.2iManagement.ch | D97: =' '!$A$108 -> Somme | E97: =SUM(E87:E96) -> 1

Sheet Vision
B1: =' '!A310 -> V I S I O N & M I S S I O N
B4: =' '!A316 -> Notre vision (Où serons-nous dans 10 à 20 ans ?) | D4: =' '!A318 -> Nos valeurs
B8: =' '!A317 -> Notre mission (Quelle est notre mandat ?)
B11: © iManagement • s.imboden • www.2iManagement.ch

Sheet Zukunftsszenarien
B1: =' '!A263 -> S C E N A R I O S D'A V E N I R
B26: =' '!A269 -> No. | C26: =' '!A270 -> Scénario | D26: =' '!A273 -> Probabilité d'occur-rence en % | E26: =' '!A271 -> Chances principales | F26: =' '!A272 -> Dangers principaux | G26: =' '!A274 -> Facteurs favorisants
B27: Best
B28: Base
B29: Worst
B30: © iManagement • s.imboden • www.2iManagement.ch

Sheet 2Finance
B1: =' '!A504 -> Voulez-vous ouvrir le programme "Finances"?
C5: =' '!A656 -> Insérer ici le hyperlien vers votre outil de finance avec le bouton droit de la souris | D5: =' '!A505 -> Assurez-vous, que le fichier "05_Finance.exe" se touve dans le même répertoire!

Sheet Logo
D4: =' '!A50 -> Votre logo:
